 Dungeon Crawl Stone Soup version 0.30-a0-571-gdf30a72648 (webtiles) character file.

Game seed: 5831001850918826292

20937399 Khashishi the Planerender (level 27, 273/273 HPs)
             Began as a Human Necromancer on Dec 26, 2022.
             Was the Champion of Jiyva.
             Escaped with the Orb
             ... and 15 runes on Dec 30, 2022!
             The game lasted 15:42:44 (72713 turns).

Khashishi the Planerender (Human Necromancer)      Turns: 72713, Time: 15:42:44

Health: 273/273    AC: 52    Str: 14    XL:     27
Magic:  54/54      EV: 21    Int: 37    God:    Jiyva [******]
Gold:   9391       SH: 13    Dex: 24    Spells: 1/80 levels left

rFire   + + .      SeeInvis .    b - +8 eveningstar of Death {spect, Int+6}
rCold   + . .      Faith    .    r - +3 warlock's mirror {reflect}
rNeg    + . .      Spirit   .    c - +10 pearl dragon scales
rPois   +          Reflect  +    (helmet unavailable)
rElec   +          Harm     .    G - +4 dragonskin cloak
rCorr   +          Rampage  ∞    B - +1 pair of gloves of Juoli {Rampage rCorr}
Will    ++...                    N - +3 pair of seven-league boots {Rampage+∞}
Stlth   ++                       R - amulet of Vitality {RegenMP++ Regen++}
HPRegen 3.85/turn                h - ring "Fucruoq" {Fly rPois rF++ Str+3 Stlth+}
MPRegen 1.64/turn                k - ring of Kyfenoy {*Corrode rElec rC+ AC+4 Int+4}

@: flying, studying Ranged Weapons
A: hooves 2, horns 3, thin skeletal structure 1, agile 2, clever 1, sense
surroundings 1, robust 1, strong 1, wild magic 2, gelatinous body 2, translucent
skin 1, jelly sensing items, MP-powered wands, engulf
0: Orb of Zot
}: 15/15 runes: barnacled, slimy, silver, golden, iron, obsidian, icy, bone,
abyssal, demonic, glowing, magical, fiery, dark, gossamer
a: Renounce Religion, Oozemancy, Slimify


You escaped.
You worshipped Jiyva.
Jiyva was exalted by your worship.
You visited 18 branches of the dungeon, and saw 88 of its levels.
You visited Pandemonium 5 times, and saw 23 of its levels.
You visited the Abyss 3 times.
You visited 1 bazaar.
You also visited: Trove, Sewer and Volcano.

You collected 13564 gold pieces.
You spent 4173 gold pieces at shops.

Inventory:

Hand Weapons
 a - the +4 whip of Wavalaq {heavy, Will+++}
   (You found it on level 3 of the Dungeon)

   It deals dramatically more damage, but attacks with it are much slower.
   Will:      It greatly increases your willpower.
 b - the +8 eveningstar of Death (weapon) {spect, Int+6}
   (You found it in a treasure trove)

   When its wielder attacks, the weapon's spirit leaps out and strikes again.
   The spirit shares a part of any damage it takes with its wielder.
   Int:       It affects your intelligence (+6).
 p - the +8 dire flail of Collusion {drain, +Blink rElec rC+ Will+}
   (You took it off an ancient champion on level 7 of the Iron City of Dis)

   A truly terrible weapon, it drains the life of any living foe it strikes.
   rC:        It protects you from cold.
   rElec:     It insulates you from electricity.
   +Blink:    It lets you blink.
   Will:      It increases your willpower.
Armour
 c - +10 pearl dragon scales (worn)
 j - the +3 Mad Mage's Maulers {Infuse+∞ VampMP -Cast}
   (You found it on level 3 of the Tomb of the Ancients)

   It empowers its wearer's blows with all of their magic.
   Blows struck in melee replenish the wearer's magic.
   -Cast:     It prevents spellcasting.
 r - the +3 warlock's mirror (worn) {reflect}
   (You bought it in a shop on level 2 of the Orcish Mines)

   It can block and reflect piercing ranged attacks and magical attacks against
   the wielder's willpower.
 B - the +1 pair of gloves of Juoli (worn) {Rampage rCorr}
   (You found it on level 2 of the Realm of Zot)

   rCorr:     It protects you from acid and corrosion.
   Rampage:   It bestows one free step when moving towards enemies.
 G - the +4 dragonskin cloak (worn)
   (You found it on level 4 of the Realm of Zot)

   It grants the wearer a chance to resist fire, cold, poison, electricity,
   acid, and negative energy.
 J - a +2 hat
 N - the +3 pair of seven-league boots (worn) {Rampage+∞}
   (You found it on level 3 of the Tomb of the Ancients)

   Its wearer moves as far as possible in that direction when moving towards
   enemies.
Jewellery
 h - a ring "Fucruoq" (left hand) {Fly rPois rF++ Str+3 Stlth+}
   (You took it off an ironbound convoker on level 2 of the Vaults)

   [ring of flight]

   Str:       It affects your strength (+3).
   rF:        It greatly protects you from fire.
   rPois:     It protects you from poison.
   Fly:       It grants you flight.
   Stlth:     It makes you more stealthy.
 k - the ring of Kyfenoy (right hand) {*Corrode rElec rC+ AC+4 Int+4}
   (You found it on level 3 of the Tomb of the Ancients)

   [ring of protection]

   AC:        It affects your AC (+4).
   Int:       It affects your intelligence (+4).
   rC:        It protects you from cold.
   rElec:     It insulates you from electricity.
   *Corrode:  It may corrode you when you take damage.
 l - the ring of Kafarr {rC+ Will- Str+6 Dex+6}
   (You found it on level 3 of the Depths)

   [ring of strength]

   Str:       It affects your strength (+6).
   Dex:       It affects your dexterity (+6).
   rC:        It protects you from cold.
   Will:      It decreases your willpower.
 t - the ring "Jeliwkagh" {Str+6 Dex+6}
   (You found it on level 3 of the Tomb of the Ancients)

   [ring of dexterity]

   Str:       It affects your strength (+6).
   Dex:       It affects your dexterity (+6).
 u - the ring "Nuckenau" {rElec rPois rN+ Dex-3 Slay+6}
   (You found it in Pandemonium)

   [ring of positive energy]

   Dex:       It affects your dexterity (-3).
   Slay:      It affects your accuracy & damage with ranged weapons and melee
   (+6).
   rElec:     It insulates you from electricity.
   rPois:     It protects you from poison.
   rN:        It protects you from negative energy.
 A - the ring of Fiviral {Fire rN+ Str+2}
   (You found it on level 7 of Tartarus)

   [ring of fire]

   It enhances your fire magic.
   Str:       It affects your strength (+2).
   rF:        It protects you from fire.
   rC:        It makes you vulnerable to cold.
   rN:        It protects you from negative energy.
 E - the ring of Tezimmuumi {Str+6 Int+6}
   (You took it off a tengu reaver on level 2 of the Depths)

   [ring of strength]

   Str:       It affects your strength (+6).
   Int:       It affects your intelligence (+6).
 I - the ring of the Tortoise {AC+8}
   (You found it on level 7 of Tartarus)

   [ring of protection]

   AC:        It affects your AC (+8).
 K - the ring of Henotheism {rN+ Str-2 Int+8}
   (You found it on level 3 of the Crypt)

   [ring of positive energy]

   Str:       It affects your strength (-2).
   Int:       It affects your intelligence (+8).
   rN:        It protects you from negative energy.
 M - the ring "Melirgh" {*Slow rC++ Will+ Str+6 Int+5}
   (You took it off a balrug on level 7 of Gehenna)

   [ring of strength]

   Str:       It affects your strength (+6).
   Int:       It affects your intelligence (+5).
   rC:        It greatly protects you from cold.
   *Slow:     It may slow you when you take damage.
   Will:      It increases your willpower.
 Q - the ring "Elesek" {rElec rN+ Str+3}
   (You found it on level 3 of the Crypt)

   [ring of positive energy]

   Str:       It affects your strength (+3).
   rElec:     It insulates you from electricity.
   rN:        It protects you from negative energy.
 R - the amulet of Vitality (around neck) {RegenMP++ Regen++}
   (You found it on level 3 of the Elven Halls)

   [amulet of magic regeneration]

   It increases your rate of magic regeneration.
   Regen:     It increases your rate of health regeneration.
 T - the ring of Juary {rF- rC+ Str-2 Int+3 Dex+8}
   (You took it off a frost giant on level 2 of the Depths)

   [ring of protection from cold]

   Str:       It affects your strength (-2).
   Int:       It affects your intelligence (+3).
   Dex:       It affects your dexterity (+8).
   rF:        It makes you vulnerable to fire.
   rC:        It protects you from cold.
Wands
 n - a wand of digging (7)
 v - a wand of iceblast (37)
 C - a wand of acid (8)
Scrolls
 g - 21 scrolls of teleportation
 w - 6 scrolls of fog
 D - 6 scrolls of fear
 H - 5 scrolls of blinking
Potions
 d - 10 potions of mutation
 e - 6 potions of flight
 q - 9 potions of attraction
 s - 27 potions of curing
 x - 6 potions of cancellation
 z - 3 potions of brilliance
 F - 7 potions of heal wounds
 L - 5 potions of ambrosia
 S - 7 potions of magic
Miscellaneous
 i - a condenser vane
 m - a phantom mirror
 o - a figurine of a ziggurat
 y - a box of beasts
 O - a phial of floods


   Skills:
 O Level 27 Fighting
 + Level 19.4 Maces & Flails
 O Level 27 Armour
 + Level 13.2 Dodging
 - Level 4.0 Stealth
 + Level 19.1 Shields
 O Level 27 Spellcasting
 O Level 27 Summonings
 O Level 27 Necromancy
 - Level 5.0 Translocations
 - Level 4.0 Evocations


You had one spell level left.
You knew the following spells:

 Your Spells              Type           Power      Damage    Failure   Level
a - Death's Door          Necr           79%        N/A       4%          9
b - Animate Dead          Necr           100%       N/A       1%          4
c - Borgnjor's Revivific  Necr           79%        N/A       1%          8
d - Dispel Undead         Necr           100%       3d31      1%          4
e - Death Channel         Necr           79%        N/A       1%          6
f - Blink                 Tloc           100%       N/A       1%          2
g - Anguish               Hex/Necr       63%        N/A       1%          4
i - Infestation           Necr           79%        N/A       1%          8
m - Monstrous Menagerie   Summ           79%        N/A       1%          7
A - Haunt                 Necr/Summ      79%        N/A       1%          7
C - Summon Cactus Giant   Summ           79%        N/A       1%          6
D - Dragon's Call         Summ           79%        N/A       4%          9
F - Summon Forest         Summ/Tloc      66%        N/A       1%          5

Your spell library contained the following spells:

 Spells                   Type           Power      Damage    Failure   Level
 Apportation              Tloc           100%       N/A       1%          1
 Kiss of Death            Conj/Necr      100%       2d13      1%          1
 Necrotise                Necr           100%       1d9       1%          1
 Summon Small Mammal      Summ           100%       N/A       1%          1
 Beastly Appendage        Tmut           100%       N/A       3%          1
 Foxfire                  Conj/Fire      100%       2x1d9     3%          1
 Magic Dart               Conj           100%       1d8       3%          1
 Sandblast                Erth           100%       2d20      3%          1
 Shock                    Conj/Air       100%       1d9       3%          1
 Sting                    Tmut/Pois      100%       1d8       3%          1
 Call Imp                 Summ           100%       N/A       1%          2
 Cigotuvi's Dreadful Rot  Necr/Pois/Air  100%       N/A       1%          2
 Sublimation of Blood     Necr           100%       N/A       1%          2
 Call Canine Familiar     Summ           100%       N/A       1%          3
 Gell's Gravitas          Tloc           95%        N/A       1%          3
 Lesser Beckoning         Tloc           100%       N/A       1%          3
 Summon Guardian Golem    Hex/Summ       100%       N/A       1%          3
 Teleport Other           Tloc           95%        N/A       1%          3
 Vampiric Draining        Necr           100%       2d13      1%          3
 Summon Ice Beast         Ice/Summ       100%       N/A       1%          4
 Summon Lightning Spire   Summ/Air       100%       N/A       1%          4
 Agony                    Necr           100%       N/A       1%          5
 Borgnjor's Vile Clutch   Necr/Erth      63%        N/A       1%          5
 Summon Hydra             Summ           79%        N/A       1%          7
 Momentum Strike          Conj/Tloc      100%       3d10      2%          2
 Portal Projectile        Hex/Tloc       100%       N/A       3%          3
 Vhi's Electric Charge    Tloc/Air       100%       N/A       3%          3
 Ensorcelled Hibernation  Hex/Ice        100%       N/A       4%          2
 Passwall                 Tmut/Erth      56%        N/A       4%          2
 Poisonous Vapours        Pois/Air       100%       N/A       4%          2
 Scorch                   Fire           100%       2d10      4%          2
 Searing Ray              Conj           100%       2d8       4%          2
 Wereblood                Tmut           68%        N/A       4%          2
 Kindle Blastsparks       Fire/Tloc/Air  100%       2d18      4%          3
 Malign Gateway           Summ/Tloc      66%        N/A       4%          7
 Confusing Touch          Hex            68%        N/A       8%          3
 Dazzling Flash           Conj/Hex       100%       N/A       8%          3
 Frozen Ramparts          Ice            100%       1d16      8%          3
 Hailstorm                Conj/Ice       68%        3d14      8%          3
 Ignite Poison            Fire/Tmut/Pois 68%        N/A       8%          3
 Inner Flame              Hex/Fire       68%        N/A       8%          3
 Mephitic Cloud           Conj/Pois/Air  68%        N/A       8%          3
 Ozocubu's Armour         Ice            68%        N/A       8%          3
 Spider Form              Tmut/Pois      68%        N/A       8%          3
 Swiftness                Air            68%        N/A       8%          3
 Tukima's Dance           Hex            68%        N/A       8%          3
 Iskenderun's Mystic Bla  Conj/Tloc      83%        2d16      9%          4
 Airstrike                Air            34%        2d(5-21)  19%         4
 Cause Fear               Hex            34%        N/A       19%         4
 Flame Wave               Conj/Fire      68%        2d15      19%         4
 Fulminant Prism          Conj/Hex       34%        3d16      19%         4
 Ice Form                 Ice/Tmut       68%        N/A       19%         4
 Leda's Liquefaction      Hex/Erth       34%        N/A       19%         4
 Olgreb's Toxic Radiance  Pois           68%        N/A       19%         4
 Petrify                  Tmut/Erth      68%        N/A       19%         4
 Sticky Flame             Conj/Fire      68%        2d8       19%         4
 Dispersal                Tloc           47%        N/A       32%         6
 Necromutation            Tmut/Necr      63%        N/A       38%         8
 Alistair's Intoxication  Tmut/Pois      45%        N/A       41%         5
 Arcjolt                  Conj/Air       34%        1d44      41%         5
 Blade Hands              Tmut           34%        N/A       41%         5
 Fireball                 Conj/Fire      34%        3d14      41%         5
 Freezing Cloud           Conj/Ice/Air   34%        6-21      41%         5
 Irradiate                Conj/Tmut      34%        3d23      41%         5
 Iskenderun's Battlesphe  Conj           68%        2d12      41%         5
 Lee's Rapid Deconstruct  Erth           34%        3d17*     41%         5
 Lightning Bolt           Conj/Air       34%        1d51      41%         5
 Metabolic Englaciation   Hex/Ice        34%        N/A       41%         5
 Yara's Violent Unravell  Hex/Tmut       34%        3d14      41%         5
 Conjure Ball Lightning   Conj/Air       34%        3x3d11    89%         6
 Eringya's Noxious Bog    Tmut/Pois      34%        N/A       89%         6
 Iron Shot                Conj/Erth      34%        9d7       89%         6
 Starburst                Conj/Fire      34%        6d10      89%         6
 Statue Form              Tmut/Erth      45%        N/A       89%         6
 Dragon Form              Tmut           34%        N/A       100%        7
 Enfeeble                 Hex            34%        N/A       100%        7
 Orb of Destruction       Conj           34%        9d10      100%        7
 Ozocubu's Refrigeration  Ice            34%        4d15      100%        7
 Storm Form               Tmut/Air       34%        N/A       100%        7
 Discord                  Hex            34%        N/A       100%        8
 Disjunction              Tloc           47%        N/A       100%        8
 Ignition                 Fire           34%        3d10      100%        8
 Lehudib's Crystal Spear  Conj/Erth      34%        10d9      100%        8
 Maxwell's Capacitive Co  Air            34%        ∞         100%        8
 Chain Lightning          Conj/Air       34%        3d45      100%        9
 Fire Storm               Conj/Fire      34%        8d9       100%        9
 Polar Vortex             Ice            34%        N/A       100%        9
 Shatter                  Erth           34%        3d27*     100%        9


Dungeon Overview and Level Annotations

Branches:
Dungeon (15/15)            Temple (1/1) D:7            Lair (5/5) D:9
 Shoals (4/4) Lair:2       Spider (4/4) Lair:2        Slime (5/5) Lair:4
    Orc (2/2) D:12            Elf (3/3) Orc:2        Vaults (5/5) D:14
  Crypt (3/3) Vaults:2       Tomb (3/3) Crypt:3      Depths (4/4) D:15
   Hell (visited)             Dis (7/7) Hell            Geh (7/7) Hell
    Coc (7/7) Hell            Tar (7/7) Hell            Zot (5/5) Depths:4
  Sewer (visited)         Volcano (visited)

Altars:
Ashenzari
Cheibriados
Dithmenos
Elyvilon
Fedhas
Gozag
Hepliaklqana
Kikubaaqudgha
Makhleb
Nemelex Xobeh
Okawaru
Qazlal
Ru
Sif Muna
Trog
Uskayaw
Vehumet
Wu Jian
Xom
Yredelemnul
Zin
The Shining One
Jiyva

Shops:
D:5 :(   D:15 :   Orc:2 ([*!*[(![   Elf:1 !   Elf:3 :   Shoals:3 (   Vaults:3 :
Depths:1 [!(

Portals:
Hell: Depths:1 Depths:2 Depths:3 Depths:4
Abyss: Depths:3
Pandemonium: Depths:2
Ziggurat: Depths:1

Annotations:
D:8 dig
Lair:4 1 runed translucent door, billz999's ghost, journeyman DjFE
Slime:5 Royal Jelly
Dis:5 exclusion: 2 tormentors


Innate Abilities, Weirdness & Mutations

You have hoof-like feet.
You have a pair of large horns on your head.
You have a somewhat thin skeletal structure. (Dex +2, Stealth+)
You are very agile. (Dex +8, Str/Int -2)
Your mind is acute. (Int +4, Str/Dex -1)
You passively map a small area around you.
You are robust. (+10% HP)
Your muscles are strong. (Str +4, Int/Dex -1)
Your spells are harder to cast, but more powerful.
Your pliable body absorbs attacks. (AC +2, EV +2)
Your translucent skin slightly reduces your foes' accuracy. (Stealth+)
You have a small jelly attached to you that senses nearby items.
You expend magic power (3 MP) to strengthen your wands.
Your melee attacks may engulf your foes in ooze.


Message History

You hear a distant slurping noise.
There is a stone staircase leading up here.
You fly upwards.
Your mindless puppet stays behind to rot.
There is a stone staircase leading down here.
There is an escape hatch in the ceiling here.
A mysterious force pulls you upwards. The hatch slams shut behind you.
The dart slug launches a dart at you.
Your +3 warlock's mirror {reflect} reflects the slug dart!
The slug dart hits the dart slug.
Casting: Infestation (mildly dangerous; 1% risk of failure)
Confirm with . or Enter, or press ? or * to list all spells.
Aiming: Infestation (mildly dangerous; 1% risk of failure)
Press: ? - help, Dir - move target, f - dart slug
Aim: a dart slug (severely wounded)
You call forth a plague of scarabs!
The dart slug is infested!
Casting: Infestation (mildly dangerous; 1% risk of failure)
Confirm with . or Enter, or press ? or * to list all spells.
Okay, then.
You stride towards the dart slug!
You sock the dart slug!
You kill the dart slug!
A death scarab bursts from the dart slug!
(D) Dungeon (T) Temple (L) Lair (A) Shoals (N) Spider Nest (M) Slime Pits (O) Orcish Mines (E) Elven Halls (V) Vaults (C) Crypt (W) Tomb (U) Depths (H) Hell (I) Dis (G) Gehenna (X) Cocytus (Y) Tartarus (Z) Zot
Where to? (Enter - D:1 @ (x,y), ? - help) Magic restored.
There is a stone staircase leading up here.
You fly upwards.
Your mindless puppet stays behind to rot.
There is a stone staircase leading down here.
There is a stone staircase leading up here.
You fly upwards.
There is a stone staircase leading down here.
There is an escape hatch in the ceiling here.
A mysterious force pulls you upwards. The hatch slams shut behind you.
There is a staircase leading out of the dungeon here.
You have escaped!

.# #.# #.#.......#.# # .#### #.#
###.##...###.## # ....#
##.###...(....# ### ###.#
##..##..#####.## #.#
#.........###.# #.#
#...#####..##'##
###.#######..#.....#.....##
........##..#.......#.....## #
###.###.#..#....@....#....>## ##
.##.###.##..#.......#.......####.
.............#.....#........'....
....###.##....#####.........####.
.#### #.##.#...............## ##
.######.##........###.....## #
........##.###.#..# ##...##
.#########.#...#..# ##'## .#
#........# #.#


There were no monsters in sight!

Vanquished Creatures
  Asmodeus (Geh:7)
  Mnoleg (Pan)
  Ereshkigal (Tar:7)
  the Serpent of Hell (Coc:7)
  A seraph (Pan)
  Lom Lobon (Pan)
  A dread lich (Zot:1)
  Mara (Shoals:3)
  An ancient lich (Tar:1)
  A juggernaut (Dis:7)
  12 royal mummies
  Boris (Vaults:4)
  Margery (Vaults:4)
  2 Killer Klowns (Zot:5)
  The ghost of Iich the Conqueror, a veteran MiFi of Okawaru (Zot:1)
  5 shard shrikes
  3 pandemonium lords (Pan)
  The ghost of sirJeffrey23 the Conqueror, an adept HOFi of Beogh (Depths:3)
  A curse toe (Zot:2)
  8 golden dragons
  3 profane servitors
  8 caustic shrikes
  Geryon (Hell)
  Nikola (Spider:3)
  Jory (Vaults:2)
  12 bone dragons
  A pearl dragon (Pan)
  Arachne (Spider:4)
  4 Brimstone Fiends
  The ghost of cforsyth the Slayer, an adept DrTm of Okawaru (Vaults:2)
  2 electric golems
  11 Tzitzimimeh
  8 iron giants (Dis:7)
  4 doom hounds
  A spectral shard shrike (Tar:7)
  8 Hell Sentinels
  5 hellephants
  2 deep elf blademasters (Elf:3)
  5 tentacled monstrosities
  6 Ice Fiends
  A walking frostbound tome (Depths:2)
  5 Orb Guardians
  19 searing wretches
  2 liches
  A titan (Vaults:5)
  3 quicksilver dragons
  2 deep elf master archers (Elf:3)
  2 sphinxes
  Polyphemus (Shoals:2)
  A walking divine tome (Abyss:4)
  Frances (Shoals:2)
  14 ancient champions
  A kraken (Shoals:1)
  5 Executioners (Pan)
  5 storm dragons
  5 death cobs
  3 tengu reavers
  3 draconian monks
  Roxanne (Spider:2)
  13 daevas (Pan)
  Kirke (Lair:4)
  7 shadow dragons
  A nargun (Coc:3)
  3 revenants
  Ilsuiw (Shoals:2)
  8 fire giants
  3 draconian knights
  5 quicksilver elementals
  3 demonspawn warmongers
  4 ghost moths
  5 deep elf sorcerers
  13 balrugs
  3 draconian scorchers
  5 cacodemons
  2 iron dragons
  A curse skull (Crypt:3)
  6 frost giants
  3 ghouls
  An emperor scorpion (Spider:4)
  2 deep elf elementalists (Elf:3)
  2 draconian shifters
  2 shard shrike simulacra (Coc:5)
  9 vault wardens
  13 angels (Pan)
  4 ophanim (Pan)
  2 demonspawn blood saints (Pan)
  12 ironbound preservers
  6 demonspawn corrupters (Pan)
  5 green draconians
  10 war gargoyles
  8 stone giants
  12 reapers
  4 broodmothers (Spider:4)
  7 vampire knights
  14 apis (Pan)
  2 draconian annihilators
  6 draconian stormcallers
  An ironbound thunderhulk (Vaults:3)
  4 bennus
  3 deep elf demonologists (Elf:3)
  2 black draconians (Depths:4)
  13 very ugly things
  4 demonspawn black suns (Pan)
  A putrid mouth (Tar:4)
  3 wendigos
  3 starcursed masses (Abyss:4)
  An elemental wellspring (Coc:5)
  7 deep elf annihilators (Elf:3)
  5 yellow draconians
  9 white draconians
  8 lorocyprocas (Pan)
  3 spark wasps
  2 dire elephants (Vaults:3)
  6 red draconians
  A minotaur (Shoals:4)
  10 purple draconians
  4 eidola
  2 green deaths (Pan)
  3 jiangshi
  5 deep elf death magi
  4 ettins
  A mummy priest (Tomb:1)
  A merfolk javelineer (Shoals:2)
  4 iron golems (Dis:7)
  4 blizzard demons
  Josephine (Orc:1)
  3 merfolk impalers
  2 deep elf high priests (Elf:3)
  3 yaktaur captains
  3 entropy weavers
  2 spectral quicksilver dragons
  3 fire dragons
  5 hydras
  A salamander tyrant (Geh:5)
  An entropy weaver (shapeshifter) (D:14)
  The ghost of freelancePsychic the Skirmisher, a journeyman DsWn of Dithmenos (Lair:1)
  4 ice dragons
  5 spectral spriggans (Crypt:3)
  2 caustic shrike simulacra (Coc:5)
  A rakshasa (Depths:1)
  2 juggernaut simulacra
  A great orb of eyes (Lair:1)
  2 peacekeepers (Vaults:4)
  7 vault guards
  5 spriggan air magi
  3 catoblepae
  A spectral human (Tar:2)
  2 merfolk avatars
  2 radroaches
  A hell beast (Pan)
  4 two-headed ogres
  A jorogumo (Spider:3)
  3 stokers
  9 centaur warriors
  4 ironbound frosthearts
  4 boulder beetles
  17 dancing weapons
  3 deep troll shamans
  A death knight (Crypt:3)
  A merfolk aquamancer (Shoals:4)
  2 alligator snapping turtles
  2 spriggan skeletons (Crypt:1)
  4 death yaks
  A vampire mage (Crypt:2)
  5 orc high priests
  4 death scarabs (Tomb:2)
  16 hell hogs
  6 satyrs
  4 tengu warriors
  4 deep troll earth magi
  35 sun demons
  A spectral naga (Tar:2)
  2 spectral storm dragons
  A wretched star (Abyss:3)
  8 hell knights
  6 soul eaters
  Sonja (Orc:2)
  2 spriggan berserkers
  14 skeletal warriors
  Nergalle (D:12)
  13 deep elf knights
  9 sixfirhies
  6 large abominations
  2 sun moths (Spider:3)
  5 iron trolls
  3 crystal echidnas
  14 shadow wraiths
  An anaconda zombie (Crypt:1)
  3 steelbarb worms (Spider:4)
  2 spectral anacondas
  25 deep trolls
  5 cherubim (Pan)
  6 sea snakes
  5 orb spiders
  A quicksilver dragon simulacrum (Coc:4)
  2 flayed ghosts
  7 nameless horrors
  5 ironbound convokers
  2 spriggan simulacra
  5 deep elf archers
  4 wizards
  A spectral iron dragon (Tar:3)
  3 lindwurms
  25 deep elf zephyrmancers
  Pikel (D:4)
  17 harpies
  3 shadow demons (Pan)
  5 orc knights
  10 necromancers
  10 phantasmal warriors
  29 deep elf pyromancers
  A bunyip skeleton (Crypt:1)
  2 ugly thing zombies (D:15)
  5 orc sorcerers
  A slime creature (Lair:1)
  9 wolf spiders
  39 ugly things
  2 oklob plants (Lair:4)
  2 cyclopes
  8 fauns
  11 moths of wrath
  A spectral ettin (Tar:3)
  3 stone giant zombies
  10 elephants
  A spectral centaur (Crypt:3)
  17 manticores
  A stone giant skeleton (Pan)
  4 rust devils
  6 black mambas
  7 water nymphs
  2 torpor snails
  14 smoke demons (Pan)
  6 merfolk sirens
  9 cane toads
  A centaur skeleton (Crypt:1)
  8 vault sentinels
  A titan simulacrum (Coc:1)
  A gargoyle (D:11)
  5 orange demons
  5 hellions
  6 demonic crawlers
  3 efreet
  A catoblepas zombie (Crypt:1)
  8 freezing wraiths
  A kobold demonologist (D:11)
  6 komodo dragons
  A black draconian skeleton (Crypt:2)
  An unseen horror (Tar:7)
  8 yaktaurs
  7 tormentors
  2 anaconda simulacra
  5 guardian mummies
  A red devil (Pan)
  2 iron giant simulacra (Coc:4)
  2 harpy zombies (Crypt:1)
  A tengu conjurer (Depths:3)
  A sea snake skeleton (Hell)
  2 meliai
  5 hellwings
  A troll (shapeshifter) (D:15)
  3 spectral harpies
  10 merfolk
  3 polar bears (Lair:5)
  A spectral moth of wrath (Zot:1)
  5 raiju (Abyss:4)
  2 wind drakes (Shoals:2)
  12 tarantellas
  Grinder (D:6)
  A deep troll zombie (Vaults:2)
  Prince Ribbit (D:5)
  5 blink frogs
  7 snapping turtles
  2 stone giant simulacra
  A jumping spider zombie (Elf:1)
  6 hornets
  5 dream sheep (Lair:5)
  10 jumping spiders
  An air elemental (Elf:2)
  3 flying skulls
  9 water elementals
  A jumping spider (shapeshifter) (Elf:1)
  7 spriggans
  6 ynoxinuls
  2 dire elephant simulacra
  A shadow (D:9)
  18 culicivoras
  An ettin skeleton (Depths:1)
  30 yaks
  A vampire (D:12)
  3 wyverns
  7 wraiths
  5 basilisks
  3 neqoxecs
  18 humans
  7 chaos spawn (Pan)
  3 fire elementals
  19 redbacks
  4 harpy simulacra
  Menkaure (D:5)
  7 vampire mosquitoes
  A warg (shapeshifter) (D:14)
  5 wargs
  13 water moccasins
  A hell hound (Hell)
  19 orc warriors
  A black bear (shapeshifter) (Elf:2)
  2 black bears (Lair:5)
  A sky beast (D:8)
  A snapping turtle zombie (Crypt:3)
  7 ogres
  An ice beast (D:8)
  10 elf zombies
  39 wolves
  2 boggarts (Lair:5)
  15 centaurs
  5 phantoms
  A lemure (D:4)
  A yaktaur zombie (Crypt:1)
  7 kobold brigands
  6 bullfrogs
  A naga simulacrum (Coc:1)
  A necrophage (Crypt:2)
  2 earth elementals
  13 wights
  18 killer bees
  A crimson imp (Pan)
  2 electric eels (Lair:3)
  2 howler monkeys (D:7)
  4 jellies
  A centaur zombie (D:15)
  3 hounds
  2 gnoll boudas
  27 orc priests
  2 iguanas
  A human skeleton (Crypt:1)
  27 orc wizards
  2 ogre zombies
  3 mummies
  12 gnolls
  6 adders
  A river rat (Sewer)
  A swamp drake zombie (Crypt:2)
  2 shadow imps (D:7)
  2 white imps
  4 ufetubi
  3 worms
  3 dart slugs
  44 orcs
  6 bats
  3 endoplasms
  7 giant cockroaches
  4 goblins
  10 hobgoblins
  3 jackals (D:1)
  7 quokkas
  3 training dummies (D:5)
  5 ball pythons
  7 frilled lizards
  A gnoll skeleton (Crypt:2)
  A goblin zombie (Crypt:1)
  A hobgoblin skeleton (D:12)
  5 hobgoblin zombies
  28 kobolds
  4 orc zombies
  9 rats
  7 fire vortices
  4 tentacles (Shoals:1)
1906 creatures vanquished.

Vanquished Creatures (collateral kills)
  Cerebov (Pan)
  Antaeus (Coc:7)
  Gloorx Vloq (Pan)
  Ignacio (Pan)
  Dispater (Dis:7)
  2 ancient liches
  4 orbs of fire (Zot:5)
  2 dread liches
  6 pandemonium lords (Pan)
  2 juggernauts
  The ghost of Khashishi the Corrupter of Planes, a legendary HuFi of Lugonu (Zot:5)
  27 royal mummies
  18 shard shrikes
  4 Killer Klowns (Zot:5)
  Bai Suzhen (Shoals:3)
  Xtahua (Crypt:2)
  A curse toe (Zot:1)
  19 caustic shrikes
  A pearl dragon (Pan)
  6 golden dragons
  5 profane servitors
  5 bone dragons
  7 doom hounds
  8 iron giants (Dis:7)
  A spectral shard shrike (Crypt:3)
  An electric golem (Zot:5)
  13 Brimstone Fiends
  18 tentacled monstrosities
  13 Tzitzimimeh
  7 hellephants
  A walking crystal tome (Depths:3)
  18 tainted leviathans
  5 liches
  21 Hell Sentinels
  15 Ice Fiends
  Mlioglotl (Shoals:3)
  22 Orb Guardians (Zot:5)
  12 searing wretches
  A deep elf blademaster (Elf:2)
  Murray (Hell)
  Grunn (Depths:2)
  8 titans
  2 quicksilver dragons
  3 death cobs
  10 Executioners (Pan)
  13 sphinxes
  16 ancient champions
  A tentacled starspawn (Abyss:4)
  3 eldritch tentacles (Pan)
  9 storm dragons
  3 tengu reavers
  Donald (Vaults:4)
  10 narguns
  7 revenants
  4 daevas
  7 shadow dragons
  8 fire giants
  7 frost giants
  5 draconian monks
  8 demonspawn warmongers
  The ghost of Encipher the Crack Shot, an adept KoHu of Okawaru (Shoals:3)
  Aizul (Shoals:3)
  A draconian knight (Zot:5)
  3 iron dragons
  11 cacodemons
  6 vault wardens
  An emperor scorpion (Spider:3)
  9 quicksilver elementals
  3 shard shrike simulacra
  3 draconian scorchers
  25 balrugs
  2 deep elf elementalists (Elf:3)
  A broodmother (Spider:4)
  An orc warlord (Vaults:3)
  7 ghouls
  8 angels
  A draconian shifter (Zot:5)
  A spectral caustic shrike (Crypt:3)
  Louise (Spider:4)
  A ghost moth (Spider:3)
  4 draconian annihilators
  5 demonspawn corrupters (Pan)
  2 curse skulls (Pan)
  7 ophanim (Pan)
  11 ironbound preservers
  20 reapers
  21 war gargoyles
  2 juggernaut skeletons
  6 demonspawn blood saints (Pan)
  9 draconian stormcallers
  8 stone giants
  9 very ugly things
  5 demonspawn black suns (Pan)
  9 apis (Pan)
  3 deep elf demonologists (Elf:3)
  2 bennus (Tomb:2)
  4 green draconians
  17 elemental wellsprings
  2 black draconians
  4 ironbound thunderhulks
  35 putrid mouths
  6 vampire knights
  9 purple draconians
  6 deep elf annihilators
  4 lorocyprocas
  4 spark wasps
  7 white draconians
  10 wendigos
  4 red draconians
  A spectral titan (Tar:3)
  A bunyip (Abyss:4)
  4 dire elephants
  6 yellow draconians
  11 eidola
  The ghost of lotum the Carver, a journeyman TeFi of Nemelex Xobeh (D:12)
  3 deep elf death magi
  18 iron golems
  A quicksilver dragon zombie (Crypt:1)
  15 mummy priests
  A merfolk javelineer (Shoals:3)
  6 jiangshi
  A merfolk impaler (Shoals:3)
  A spectral golden dragon (Zot:1)
  A deep elf high priest (Vaults:5)
  3 entropy weavers
  18 blizzard demons
  7 fire dragons
  6 ettins
  13 green deaths
  3 hydras
  12 rakshasas
  7 ice dragons
  27 vault guards
  5 spectral spriggans
  10 yaktaur captains
  4 juggernaut simulacra
  A salamander tyrant (Geh:7)
  A spectral shadow dragon (Zot:1)
  A spriggan air mage (Pan)
  3 hell beasts
  A spriggan skeleton (Tomb:3)
  3 boulder beetles
  A catoblepas (Shoals:2)
  2 death knights
  4 merfolk avatars
  3 jorogumos (Spider:4)
  5 caustic shrike simulacra
  2 ogre magi (Vaults:5)
  7 ironbound frosthearts
  An anaconda (shapeshifter) (Vaults:5)
  5 satyrs (Shoals:4)
  5 centaur warriors
  A radroach (Spider:3)
  A spectral draconian (Zot:1)
  2 tengu warriors (Depths:3)
  8 deep troll shamans
  3 stokers
  30 death scarabs
  2 death yaks
  5 dancing weapons
  35 hell hogs
  5 deep troll earth magi
  2 vampire magi (Crypt:3)
  2 spectral storm dragons (Crypt:3)
  3 spriggan berserkers
  40 sun demons
  A wretched star (Abyss:4)
  12 soul eaters
  A spectral dire elephant (Crypt:3)
  3 deep elf knights
  5 iron trolls
  4 spectral nagas
  13 crystal echidnas
  A spectral white draconian (Zot:1)
  7 cherubim (Pan)
  3 pharaoh ants (Spider:4)
  27 shadow wraiths
  A death drake (shapeshifter) (Vaults:5)
  25 skeletal warriors
  8 hell knights
  14 sixfirhies
  A spectral bunyip (Tar:1)
  A spectral anaconda (Tar:2)
  A sea snake (Shoals:1)
  3 quicksilver dragon simulacra
  29 deep trolls
  8 shadow demons (Pan)
  An anaconda zombie (Hell)
  A deep elf archer (Elf:2)
  8 flayed ghosts
  A spectral hydra (Crypt:3)
  21 harpies
  4 spriggan simulacra
  14 ironbound convokers
  A shadow dragon zombie (Crypt:1)
  An obsidian statue (Zot:5)
  A sphinx zombie (Shoals:4)
  5 wizards
  5 orc knights
  7 lindwurms (Vaults:1)
  A jorogumo zombie (Spider:3)
  5 deep elf pyromancers
  10 necromancers
  An iron dragon zombie (Crypt:2)
  A tengu zombie (Depths:1)
  5 deep elf zephyrmancers
  10 ugly things
  15 phantasmal warriors
  A stone giant zombie (Tomb:2)
  6 wolf spiders
  5 fauns
  14 moths of wrath
  A will-o-the-wisp (Abyss:4)
  A cyclops (Shoals:3)
  3 spectral centaurs (Tar:2)
  A spectral ettin (Tar:2)
  6 draconians (Abyss:4)
  2 nameless horrors (Pan)
  2 spectral alligator snapping turtles (Crypt:3)
  4 manticores
  A frost giant skeleton (Crypt:3)
  6 elephants (Lair:5)
  11 vault sentinels
  3 rust devils
  2 naga zombies
  4 merfolk sirens
  2 elf zombies (Elf:3)
  33 smoke demons
  2 ice statues
  4 water nymphs
  6 titan simulacra
  A storm dragon simulacrum (Coc:1)
  A spectral iron troll (Crypt:1)
  A yellow draconian zombie (Crypt:2)
  4 molten gargoyles (Hell)
  3 naga skeletons
  A minotaur zombie (Crypt:3)
  4 cane toads
  A centaur skeleton (Pan)
  3 unseen horrors (Tar:7)
  9 orange demons
  An unseen horror zombie (Crypt:3)
  An alligator snapping turtle skeleton (Pan)
  22 hellions
  13 freezing wraiths
  9 tormentors
  2 spriggan zombies
  7 demonic crawlers (Pan)
  3 spectral deep trolls (Crypt:1)
  A bunyip simulacrum (Coc:1)
  A tengu conjurer (Depths:3)
  24 yaktaurs
  An iron giant simulacrum (Coc:3)
  3 komodo dragons
  3 efreet
  3 ancient zymes (Abyss:4)
  An iron troll zombie (Crypt:2)
  3 red devils
  54 guardian mummies
  6 anaconda simulacra
  A white draconian skeleton (Crypt:1)
  3 spectral harpies
  18 hellwings (Pan)
  An ice devil (Hell)
  4 hydra zombies (Hell)
  3 harpy zombies
  2 shadow dragon simulacra
  2 golden dragon simulacra
  A silent spectre (Tar:5)
  19 large abominations
  7 merfolk
  2 meliai (Spider:3)
  3 wind drakes
  3 blink frogs
  10 tarantellas
  A snapping turtle (Shoals:1)
  7 dream sheep
  2 stone giant simulacra
  A tarantella zombie (Crypt:3)
  A harpy skeleton (Crypt:2)
  A spectral black mamba (Tar:2)
  9 jumping spiders
  6 water elementals
  A fire dragon zombie (Crypt:1)
  2 iron dragon simulacra
  2 centaur simulacra
  2 shadows (Crypt:3)
  2 culicivoras (Spider:4)
  18 flying skulls
  12 ynoxinuls (Pan)
  5 spriggans
  A black mamba zombie (Crypt:1)
  3 hogs (Lair:4)
  10 yaks
  6 wraiths
  2 wyverns (Lair:5)
  A slime creature zombie (Crypt:3)
  An ettin skeleton (Tomb:3)
  28 ushabtiu
  A dire elephant simulacrum (Coc:1)
  13 redbacks
  27 neqoxecs
  An alligator snapping turtle simulacrum (Crypt:3)
  10 chaos spawn (Pan)
  6 harpy simulacra
  A two-headed ogre zombie (D:12)
  A water nymph zombie (Crypt:1)
  4 hell hounds (Hell)
  2 hydra simulacra
  3 water moccasins
  2 moth of wrath simulacra (Zot:1)
  5 orc warriors
  A fire dragon simulacrum (Crypt:1)
  2 black bears (Lair:5)
  2 ettin simulacra
  24 wolves
  A swamp dragon skeleton (Tomb:1)
  A centaur (Volcano)
  A phantom (D:12)
  A fire crab zombie (Crypt:2)
  2 necrophages (Crypt:3)
  2 elf skeletons
  3 bullfrogs
  A yaktaur skeleton (Crypt:3)
  A salamander skeleton (Crypt:1)
  A small abomination (Abyss:4)
  A wyvern skeleton (Crypt:3)
  2 killer bees (D:11)
  3 crimson imps (Pan)
  A human zombie (Crypt:1)
  A quasit (Abyss:4)
  12 starcursed masses (Abyss:4)
  A hound (D:7)
  2 jellies (Lair:1)
  6 orc priests (Vaults:1)
  A black bear skeleton (Crypt:1)
  A human skeleton (Crypt:1)
  3 orc wizards
  3 ogre zombies (D:12)
  A hound skeleton (Crypt:2)
  48 mummies
  4 gnolls (D:2)
  18 orcs
  An endoplasm (D:1)
  2 goblin skeletons (D:12)
  A goblin zombie (D:12)
  A hobgoblin skeleton (D:12)
  A hobgoblin zombie (D:12)
  3 kobolds (D:9)
  3 orc zombies (D:12)
  A quokka skeleton (Crypt:1)
  A rat (Sewer)
  2 creeping infernos
  21 fire vortices
  2 starspawn tentacles (Abyss:4)
2154 creatures vanquished.

Vanquished Creatures (others)
  Tiamat (Zot:4)
  An ancient lich (Zot:5)
  2 juggernauts (Depths:3)
  2 shard shrikes
  5 caustic shrikes
  A profane servitor (Tar:7)
  A shard shrike zombie (Coc:7)
  A pandemonium lord (Pan)
  A Brimstone Fiend (Pan)
  2 titans
  2 tengu reavers (Vaults:5)
  An eldritch tentacle (Pan)
  3 shadow dragons
  3 storm dragons
  A draconian monk (Zot:5)
  2 fire giants
  A draconian knight (Abyss:4)
  A draconian scorcher (Zot:3)
  An azure jelly (Coc:7)
  A draconian shifter (Zot:3)
  A vault warden (Vaults:5)
  A shard shrike simulacrum (Coc:3)
  3 ironbound preservers
  5 caustic shrike zombies (Dis:7)
  A demonspawn corrupter (Pan)
  An orc warlord (Vaults:2)
  2 reapers (Pan)
  A very ugly thing (Depths:3)
  An elemental wellspring (Coc:2)
  A dire elephant (Vaults:3)
  A white draconian (Zot:5)
  A yellow draconian (Zot:3)
  3 red draconians
  A lorocyproca (Pan)
  8 very ugly thing zombies
  A mummy priest (Tomb:3)
  A green death (Pan)
  2 ettins
  An ice dragon (Depths:4)
  5 vault guards (Vaults:5)
  2 rakshasas
  2 yaktaur captains (Vaults:5)
  9 great orbs of eyes
  4 caustic shrike simulacra
  A bennu zombie (Tomb:3)
  9 Orb Guardian zombies (Zot:5)
  An ironbound frostheart (Vaults:3)
  2 centaur warriors
  A guardian serpent zombie (Shoals:3)
  A boulder beetle (shapeshifter) (Vaults:5)
  A death scarab (Tomb:3)
  A deep troll shaman (Depths:2)
  5 deep troll earth magi
  A storm dragon zombie (Zot:5)
  A spectral storm dragon (Crypt:3)
  A hellephant zombie (Geh:7)
  A vampire mage (Vaults:2)
  A soul eater (Pan)
  3 hell knights
  A tainted leviathan zombie (Tar:7)
  5 iron giant zombies (Dis:7)
  An anaconda zombie (Vaults:5)
  A quicksilver dragon simulacrum (Coc:2)
  A ghost moth zombie (Spider:4)
  2 glowing orange brains
  7 deep trolls
  A sphinx zombie (Shoals:4)
  A steelbarb worm (shapeshifter) (Depths:3)
  An ironbound convoker (Vaults:3)
  A spriggan simulacrum (Coc:1)
  2 orc knights
  A deep elf pyromancer (Elf:2)
  An iron dragon zombie (Zot:4)
  A draconian zombie (Zot:3)
  2 harpies (Vaults:1)
  2 broodmother zombies (Spider:4)
  10 ugly thing zombies
  2 ugly things (Depths:3)
  3 hell hog zombies
  A deep elf zephyrmancer (Elf:1)
  A necromancer (Vaults:2)
  4 wolf spider zombies
  2 shining eyes (Pan)
  A jorogumo zombie (Spider:4)
  A salamander zombie (Geh:7)
  2 stone giant zombies
  A frost giant zombie (Depths:2)
  A fire giant zombie (Geh:7)
  3 apis zombies (Pan)
  2 death scarab zombies (Tomb:3)
  A moth of wrath (Zot:3)
  A vault sentinel (Vaults:1)
  2 titan simulacra
  A torpor snail (shapeshifter) (Vaults:4)
  6 eyes of devastation (Pan)
  A smoke demon (Pan)
  An unseen horror (shapeshifter) (D:14)
  A black draconian zombie (Depths:4)
  A red draconian zombie (Depths:4)
  An orb spider zombie (Spider:4)
  A steelbarb worm zombie (Spider:4)
  A kobold demonologist (D:12)
  3 white draconian zombies
  An ice devil (Pan)
  2 yaktaurs
  12 redback zombies
  A tormentor (Pan)
  2 sea snake zombies (Shoals:1)
  A hellwing (Pan)
  22 harpy zombies
  A guardian mummy (Tomb:3)
  A death drake zombie (Vaults:5)
  2 demonic crawler zombies
  3 hydra zombies
  A wind drake (shapeshifter) (Vaults:5)
  A troll (shapeshifter) (Elf:1)
  3 moth of wrath zombies
  8 culicivora zombies
  8 tarantella zombies
  19 slime creatures
  A blink frog (shapeshifter) (D:14)
  8 merfolk zombies
  An iron dragon simulacrum (Coc:3)
  7 jumping spider zombies
  3 ettin zombies
  3 satyr zombies (Shoals:4)
  A slime creature (shapeshifter) (Vaults:5)
  A raiju (shapeshifter) (D:14)
  A fire dragon zombie (Zot:4)
  3 ice dragon zombies
  A centaur simulacrum (Coc:1)
  3 black mamba zombies
  A water elemental (Shoals:4)
  A dire elephant simulacrum (Coc:2)
  2 naga simulacra
  A ynoxinul (Pan)
  A vampire (Abyss:4)
  5 humans (D:14)
  3 wind drake zombies
  A chaos spawn (Pan)
  5 golden eyes
  4 neqoxecs
  2 faun zombies (Shoals:4)
  2 harpy simulacra
  25 human zombies
  A large abomination (Pan)
  A two-headed ogre zombie (D:13)
  A cane toad zombie (Lair:4)
  15 deep troll zombies
  A hydra simulacrum (Coc:1)
  2 tengu zombies
  A floating eye (shapeshifter) (Depths:2)
  5 water nymph zombies
  A floating eye (Pan)
  4 orc warriors (Vaults:1)
  3 ettin simulacra
  A hornet zombie (Lair:5)
  8 dream sheep zombies
  20 elf zombies
  8 manticore zombies
  7 elephant zombies
  6 lindwurm zombies (Vaults:1)
  10 centaurs
  3 wolves
  2 boggarts (Lair:5)
  A torpor snail zombie (Spider:4)
  A phantom (D:12)
  13 yaktaur zombies
  A bullfrog (Lair:4)
  3 hell hound zombies (Hell)
  A wyvern zombie (Lair:5)
  A glowing shapeshifter simulacrum (Vaults:2)
  A demonspawn simulacrum (Coc:1)
  2 water moccasin zombies
  A polar bear zombie (Lair:5)
  4 yak zombies
  2 spriggan zombies (Lair:5)
  300 jellies
  31 wolf zombies
  5 centaur zombies
  2 black bear zombies
  3 orc wizards
  8 killer bee zombies
  4 ogre zombies
  2 mummies (Tomb:1)
  9 orcs
  2 gnoll zombies (D:7)
  A goblin skeleton (D:12)
  2 goblin zombies (D:12)
  A hobgoblin zombie (D:12)
  2 kobold zombies (D:9)
  3 orc skeletons (D:12)
  57 orc zombies
  12 ball lightnings (Pan)
  2 blocks of ice (Pan)
  A bush (Lair:4)
  4 creeping infernos
  15 fire vortices
  12 foxfires (Abyss:4)
  44 fungi
  192 plants
  3 starspawn tentacles (Abyss:4)
  7 tentacles (Shoals:1)
1236 creatures vanquished.

Grand Total: 5296 creatures vanquished

Notes
Turn   | Place    | Note
-------+----------+-------------------------------------------
     0 | D:1      | Khashishi the Human Necromancer began the quest for the
                  | Orb.
     0 | D:1      | Reached XP level 1. HP: 13/13 MP: 3/3
   198 | D:1      | Reached XP level 2. HP: 19/19 MP: 3/5
   485 | D:1      | Reached XP level 3. HP: 22/24 MP: 0/6
   501 | D:1      | Learned a level 3 spell: Vampiric Draining
  1303 | D:2      | Reached XP level 4. HP: 19/30 MP: 1/8
  1308 | D:2      | Reached skill level 5 in Necromancy
  1557 | D:2      | Found a faded altar of an unknown god.
  1912 | D:2      | Learned a level 4 spell: Animate Dead
  2067 | D:3      | Found a white marble altar of Elyvilon.
  2077 | D:3      | Identified the +4 whip of Wavalaq {vorpal, Will+++}
  2103 | D:3      | Reached XP level 5. HP: 35/35 MP: 8/10
  2775 | D:4      | Reached XP level 6. HP: 30/42 MP: 9/11
  2869 | D:4      | Found a glowing drain.
  2896 | Sewer    | Entered a sewer
  2910 | Sewer    | Reached skill level 1 in Fighting
  2910 | Sewer    | Reached skill level 1 in Maces & Flails
  2956 | Sewer    | Reached skill level 1 in Armour
  2961 | Sewer    | Reached XP level 7. HP: 46/48 MP: 6/13
  3016 | Sewer    | Found a white marble altar of Elyvilon.
  3352 | D:4      | Noticed Pikel
  3361 | D:4      | Killed Pikel
  3362 | D:4      | Reached XP level 8. HP: 37/57 MP: 4/15
  3519 | D:5      | Entered Level 5 of the Dungeon
  3590 | D:5      | Noticed Menkaure
  3602 | D:5      | Killed Menkaure
  3697 | D:5      | Noticed Prince Ribbit
  3709 | D:5      | Killed Prince Ribbit
  3717 | D:5      | Reached skill level 5 in Spellcasting
  3717 | D:5      | Reached skill level 1 in Evocations
  3842 | D:5      | Found Hunuesye's Book Shop.
  3923 | D:5      | Found a sparkling altar of Nemelex Xobeh.
  3923 | D:5      | Found a stormy altar of Qazlal.
  3977 | D:5      | Found Uruhimm's Firing Range.
  4433 | D:6      | Reached XP level 9. HP: 54/65 MP: 10/16
  4539 | D:6      | Noticed Grinder
  4555 | D:6      | Killed Grinder
  4750 | D:6      | Reached skill level 5 in Maces & Flails
  5086 | D:6      | Reached skill level 5 in Armour
  5637 | D:7      | Identified the +1 trident "Diblinad" {vorpal, Drain rPois
                  | rC++ rN+}
  5663 | D:7      | Reached XP level 10. HP: 69/71 MP: 17/17
  5882 | D:7      | Found a staircase to the Ecumenical Temple.
  5929 | Temple   | Entered the Ecumenical Temple
  6144 | Temple   | Became a worshipper of Xom of Chaos
  6171 | D:7      | Identified the +4 spear "Hydraslayer" {vorpal, Contam rPois
                  | Will++ SInv}
  6510 | D:7      | XOM: divination: magic mapping
  6693 | D:8      | XOM: 2-stop teleportation journey
  6818 | D:8      | XOM: chaos upgrade
  6833 | D:8      | XOM: blink monster(s)
  6864 | D:8      | Found a blossoming altar of Fedhas.
  6918 | D:8      | XOM: stat loss: -1 Int (17/18)
  7042 | D:8      | XOM: confusion (+ monsters)
  7148 | D:9      | XOM: noise
  7401 | D:8      | XOM: divination: detect creatures
  7450 | D:9      | Found a staircase to the Lair.
  7479 | D:9      | Reached XP level 11. HP: 45/78 MP: 4/18
  7479 | D:9      | XOM: summons friendly white imp
  7615 | D:9      | XOM: give mutations
  7615 | D:9      | Gained mutation: You have a pair of small horns on your
                  | head. [Xom's grace]
  7615 | D:9      | Gained mutation: You have large cloven feet. [Xom's grace]
  7873 | D:10     | Entered Level 10 of the Dungeon
  7988 | D:10     | XOM: give mutations
  7988 | D:10     | Gained mutation: You have sharp fingernails. [Xom's grace]
  7988 | D:10     | Gained mutation: You are partially covered in iridescent
                  | scales. (AC +2) [Xom's grace]
  7988 | D:10     | Lost mutation: You have large cloven feet. [Xom's grace]
  7988 | D:10     | Gained mutation: You have sharp toenails. [Xom's grace]
  7988 | D:10     | Gained mutation: Your natural rate of healing is unusually
                  | fast. [Xom's grace]
  8186 | D:10     | Reached skill level 5 in Fighting
  8371 | D:10     | Found a portal to a secret trove of treasure.
  8418 | D:10     | XOM: summons 2 friendly demons
  8427 | D:10     | XOM: polymorph crimson imp -> shadow imp
  8429 | D:10     | XOM: potion effect (brilliance)
  8449 | D:10     | XOM: 1-stop teleportation journey
  8458 | D:10     | XOM: give mutation
  8458 | D:10     | Gained mutation: You are somewhat resistant to further
                  | mutation. [Xom's grace]
  8676 | D:10     | XOM: cloud trail
  8859 | D:10     | XOM: stat loss: -1 Dex (19/20)
  9376 | D:11     | Noticed a manticore
  9387 | D:11     | Killed a manticore
  9545 | D:11     | XOM: blink monster(s)
  9640 | D:11     | Reached skill level 10 in Necromancy
  9659 | D:11     | XOM: summons 5 hostile demons
  9729 | D:11     | Noticed a deep elf pyromancer
  9729 | D:11     | Noticed a catoblepas
  9729 | D:11     | Noticed a boulder beetle
  9737 | D:11     | Killed a deep elf pyromancer
  9739 | D:11     | XOM: swap monsters
  9744 | D:11     | Killed a catoblepas
  9747 | D:11     | Noticed a frost giant
  9748 | D:11     | XOM: polymorph tengu conjurer -> jumping spider
  9825 | Lair:1   | Entered Level 1 of the Lair of Beasts
  9849 | Lair:1   | XOM: polymorph basilisk -> yaktaur
  9881 | Lair:1   | XOM: 2-stop teleportation journey
  9900 | Lair:1   | Reached XP level 12. HP: 89/89 MP: 15/19
 10036 | Lair:1   | XOM: stat loss: -1 Int (17/18)
 10061 | Lair:1   | XOM: 5-stop teleportation journey
 10106 | Lair:1   | Found a runed translucent gate.
 10106 | Lair:1   | Found a runed translucent gate.
 10106 | Lair:1   | Found a runed translucent gate.
 10106 | Lair:1   | Noticed a great orb of eyes
 10107 | Lair:1   | Noticed freelancePsychic's ghost (journeyman DsWn)
 10112 | Lair:1   | XOM: enchant monster (good)
 10167 | Lair:1   | XOM: summons 3 friendly demons
 10209 | Lair:1   | XOM: polymorph basilisk -> harpy
 10303 | Lair:1   | XOM: divination: magic mapping
 10516 | Lair:1   | XOM: 1-stop teleportation journey
 10706 | Lair:1   | Found a viscous altar of Jiyva.
 10901 | Lair:2   | XOM: scenery: create altars
 10994 | Lair:2   | Found a hole to the Spider Nest.
 11010 | Lair:2   | XOM: confuse monster(s)
 11065 | Lair:2   | XOM: scenery: create altars
 11109 | Lair:2   | Learned a level 2 spell: Blink
 11126 | Lair:2   | XOM: divination: magic mapping
 11246 | Lair:2   | Found a staircase to the Shoals.
 11473 | Lair:2   | XOM: god gift: book of Scorching
 11482 | Lair:2   | Learned a level 6 spell: Summon Cactus Giant
 11753 | Lair:1   | Reached skill level 1 in Translocations
 11766 | Lair:1   | Killed freelancePsychic's ghost
 11768 | Lair:1   | Killed a great orb of eyes
 11937 | Lair:3   | XOM: summons friendly white imp
 11940 | Lair:3   | XOM: summons 6 friendly demons
 12059 | Lair:3   | Reached skill level 1 in Summonings
 12059 | Lair:3   | Reached XP level 13. HP: 92/98 MP: 16/22
 12176 | Lair:3   | XOM: destruction
 12292 | Lair:3   | XOM: potion effect (brilliance)
 12330 | Lair:3   | XOM: blink monster(s)
 12387 | Lair:3   | Noticed an eight-headed hydra
 12402 | Lair:3   | Killed an eight-headed hydra
 12403 | Lair:3   | Reached skill level 10 in Maces & Flails
 12592 | Lair:3   | XOM: give mutations
 12592 | Lair:3   | Gained mutation: You are dopey. (Int -2) [Xom's mischief]
 12592 | Lair:3   | Gained mutation: You are frail. (-10% HP) [Xom's mischief]
 12624 | Lair:3   | XOM: 9-stop teleportation journey
 12723 | Lair:3   | XOM: summons 1 hostile demon
 12841 | Lair:1   | XOM is BORED!
 12846 | Lair:1   | Fell from the grace of Xom
 12846 | Lair:1   | Became a worshipper of Jiyva Jaskulic the Shapeless
 12937 | Lair:4   | XOM: give mutations
 12937 | Lair:4   | Gained mutation: You sometimes lose your temper in combat.
                  | [Xom's mischief]
 12937 | Lair:4   | Gained mutation: You are very dopey. (Int -4) [Xom's
                  | mischief]
 12937 | Lair:4   | Lost mutation: You have sharp fingernails. [Xom's mischief]
 12950 | Lair:4   | Lost mutation: You are somewhat resistant to further
                  | mutation. [potion of mutation]
 12950 | Lair:4   | Lost mutation: You sometimes lose your temper in combat.
                  | [potion of mutation]
 12950 | Lair:4   | Lost mutation: You have sharp toenails. [potion of
                  | mutation]
 12950 | Lair:4   | Lost mutation: You are frail. (-10% HP) [potion of
                  | mutation]
 12950 | Lair:4   | Gained mutation: You have supernaturally acute eyesight.
                  | (SInv) [potion of mutation]
 13001 | Lair:4   | Reached skill level 10 in Armour
 13041 | Lair:4   | Noticed Kirke
 13067 | Lair:4   | Killed Kirke
 13114 | Lair:4   | Noticed Nessos
 13126 | Lair:4   | Nessos changed into Nessos the deep troll
 13126 | Lair:4   | Noticed Nessos
 13134 | Lair:4   | Killed Nessos the deep troll
 13431 | Lair:4   | Found a runed translucent door.
 13432 | Lair:4   | Noticed billz999's ghost (journeyman DjFE)
 13458 | Lair:4   | Identified the +6 spear of Tiwk {flame, rF+}
 13515 | Lair:4   | Found a staircase to the Slime Pits.
 13516 | Lair:4   | Found a viscous altar of Jiyva.
 13729 | Lair:4   | Reached XP level 14. HP: 99/106 MP: 21/25
 13769 | Lair:4   | Reached * piety under Jiyva
 13897 | Lair:4   | XOM: summons 9 hostile demons
 14080 | Lair:5   | Entered Level 5 of the Lair of Beasts
 14242 | Lair:5   | Reached skill level 5 in Summonings
 14393 | Lair:5   | Found a dark tunnel.
 14470 | Volcano  | Entered a volcano
 14515 | Volcano  | Reached ** piety under Jiyva
 14601 | Volcano  | XOM: give mutation
 14601 | Volcano  | Lost mutation: Your natural rate of healing is unusually
                  | fast. [Xom's mischief]
 14740 | Lair:5   | Lost mutation: You are very dopey. (Int -4) [potion of
                  | mutation]
 14740 | Lair:5   | Lost mutation: You have a pair of small horns on your head.
                  | [potion of mutation]
 14740 | Lair:5   | Gained mutation: You are clumsy. (Dex -2) [potion of
                  | mutation]
 14740 | Lair:5   | Gained mutation: Your spells are a little easier to cast,
                  | but a little less powerful. [potion of mutation]
 14740 | Lair:5   | Lost mutation: You are partially covered in iridescent
                  | scales. (AC +2) [potion of mutation]
 14740 | Lair:5   | Gained mutation: You are strong-willed. (Will+) [potion of
                  | mutation]
 14741 | Lair:5   | Lost mutation: You are strong-willed. (Will+) [potion of
                  | mutation]
 14741 | Lair:5   | Lost mutation: You have supernaturally acute eyesight.
                  | (SInv) [potion of mutation]
 14741 | Lair:5   | Gained mutation: You passively dampen the noise of your
                  | surroundings. [potion of mutation]
 14741 | Lair:5   | Gained mutation: You have hidden genetic defects. [potion
                  | of mutation]
 14742 | Lair:5   | Lost mutation: You have hidden genetic defects. [potion of
                  | mutation]
 14742 | Lair:5   | Lost mutation: You passively dampen the noise of your
                  | surroundings. [potion of mutation]
 14742 | Lair:5   | Lost mutation: Your spells are a little easier to cast, but
                  | a little less powerful. [potion of mutation]
 14742 | Lair:5   | Gained mutation: You have sharp toenails. [potion of
                  | mutation]
 14742 | Lair:5   | Gained mutation: Your muscles are strong. (Str +4, Int/Dex
                  | -1) [potion of mutation]
 14742 | Lair:5   | Gained mutation: Your movements are slightly less
                  | encumbered by armour. (ER -2) [potion of mutation]
 14743 | Lair:5   | Lost mutation: Your movements are slightly less encumbered
                  | by armour. (ER -2) [potion of mutation]
 14743 | Lair:5   | Lost mutation: You are dopey. (Int -2) [potion of mutation]
 14743 | Lair:5   | Gained mutation: You expend magic power (3 MP) to
                  | strengthen your wands. [potion of mutation]
 15093 | Lair:5   | Reached XP level 15. HP: 91/115 MP: 17/27
 15153 | Lair:5   | Reached *** piety under Jiyva
 15224 | Lair:5   | Reached skill level 10 in Fighting
 15460 | Lair:5   | XOM: god gift: scroll of blinking
 15757 | Spider:1 | Entered Level 1 of the Spider Nest
 15760 | Spider:1 | XOM: noise
 15865 | Spider:1 | XOM: silly message
 16050 | Spider:1 | Reached **** piety under Jiyva
 16292 | Spider:1 | Lost mutation: You have sharp toenails. [Jiyva's grace]
 16292 | Spider:1 | Lost mutation: You are clumsy. (Dex -2) [Jiyva's grace]
 16292 | Spider:1 | Gained mutation: You have an increased reservoir of magic.
                  | (+10% MP) [Jiyva's grace]
 16292 | Spider:1 | Gained mutation: You have a considerably increased
                  | reservoir of magic. (+20% MP) [Jiyva's grace]
 16292 | Spider:1 | Gained mutation: You have a greatly increased reservoir of
                  | magic. (+30% MP) [Jiyva's grace]
 16292 | Spider:1 | Gained mutation: You have acidic saliva. [Jiyva's grace]
 16897 | Spider:1 | Reached ***** piety under Jiyva
 17383 | D:11     | Killed a frost giant
 17548 | D:12     | Identified the +5 ring mail of Puzol {*Corrode +Inv rF+ rN+
                  | Dex+3}
 17559 | D:12     | Noticed Nergalle
 17590 | D:12     | Killed Nergalle
 17615 | D:12     | Learned a level 4 spell: Dispel Undead
 17627 | D:12     | Found a staircase to the Orcish Mines.
 17637 | D:12     | XOM: swap monsters
 17697 | D:12     | Found a runed translucent door.
 17697 | D:12     | Found a shimmering altar of Xom.
 17697 | D:12     | Noticed lotum's ghost (journeyman TeFi)
 17887 | D:12     | XOM: summons 3 hostile shadow creatures
 17921 | D:12     | XOM: give mutations
 17921 | D:12     | Gained mutation: You are vulnerable to heat. (rF-) [Xom's
                  | mischief]
 17921 | D:12     | Gained mutation: Armour fits poorly on your strangely
                  | shaped body. [Xom's mischief]
 17921 | D:12     | Lost mutation: You expend magic power (3 MP) to strengthen
                  | your wands. [Xom's mischief]
 17921 | D:12     | Lost mutation: You have a greatly increased reservoir of
                  | magic. (+30% MP) [Xom's mischief]
 18117 | D:12     | Killed lotum's ghost
 18151 | D:12     | XOM: polymorph jelly -> hound
 18309 | D:13     | XOM: enchant monster (bad)
 18386 | D:13     | Lost mutation: Your muscles are strong. (Str +4, Int/Dex
                  | -1) [Jiyva's grace]
 18386 | D:13     | Gained mutation: Your skin changes colour to match your
                  | surroundings (Stealth+). [Jiyva's grace]
 18386 | D:13     | Gained mutation: Your skin blends seamlessly with your
                  | surroundings (Stealth++). [Jiyva's grace]
 18386 | D:13     | Gained mutation: Your skin perfectly mimics your
                  | surroundings (Stealth+++). [Jiyva's grace]
 18386 | D:13     | Gained mutation: You have a pair of small horns on your
                  | head. [Jiyva's grace]
 18631 | D:13     | Reached ****** piety under Jiyva
 18661 | D:13     | XOM: give mutations
 18661 | D:13     | Gained mutation: You are robust. (+10% HP) [Xom's mischief]
 18661 | D:13     | Lost mutation: You have a considerably increased reservoir
                  | of magic. (+20% MP) [Xom's mischief]
 18661 | D:13     | Lost mutation: Your skin perfectly mimics your surroundings
                  | (Stealth+++). [Xom's mischief]
 18775 | D:13     | XOM: confusion
 19243 | Slime:1  | Entered Level 1 of the Pits of Slime
 19243 | Slime:1  | Noticed an azure jelly
 19249 | Slime:2  | Noticed an acid blob
 19252 | Slime:2  | Noticed a rockslime
 19260 | Slime:3  | Noticed a quicksilver ooze
 19261 | Slime:3  | Noticed a quicksilver ooze
 19262 | Slime:3  | Noticed an azure jelly
 19276 | Slime:5  | Entered Level 5 of the Pits of Slime
 19276 | Slime:5  | Noticed an acid blob
 19276 | Slime:5  | Noticed an azure jelly
 19281 | Slime:5  | Noticed an acid blob
 19294 | Slime:5  | Found a viscous altar of Jiyva.
 19294 | Slime:5  | Noticed the Royal Jelly
 19296 | Slime:5  | Noticed an acid blob
 19296 | Slime:5  | Noticed an acid blob
 19297 | Slime:5  | Noticed an acid blob
 19298 | Slime:5  | Noticed an acid blob
 19299 | Slime:5  | Identified the +7 sling of Sunlight {vorpal, rC+ rCorr
                  | Str+7 Dex-2}
 19303 | Slime:5  | Noticed an acid blob
 19304 | Slime:5  | Identified the +0 scale mail "Febbont" {rF+ Stlth+}
 19305 | Slime:5  | Identified the +1 scale mail "Ceunu" {rPois Int+2 Dex+4}
 19317 | Slime:5  | Identified the +2 plate armour of Hopscotch {Dex+7}
 19319 | Slime:5  | Got a slimy rune of Zot
 19360 | Slime:5  | Noticed an acid blob
 19442 | Slime:5  | Noticed an acid blob
 19444 | Slime:5  | an acid blob changed into a stone giant
 19444 | Slime:5  | Noticed a stone giant
 19444 | Slime:5  | XOM: polymorph acid blob -> stone giant
 19504 | Slime:5  | Noticed an acid blob
 19543 | Slime:5  | Noticed an acid blob
 19601 | Slime:4  | Noticed an azure jelly
 19601 | Slime:4  | Noticed an acid blob
 19601 | Slime:4  | Noticed an acid blob
 19603 | Slime:4  | Noticed a rockslime
 19700 | Slime:4  | Noticed an acid blob
 19848 | Slime:3  | Noticed an acid blob
 19973 | Slime:2  | Noticed a rockslime
 20008 | Slime:2  | Noticed an azure jelly
 20160 | Slime:2  | Noticed an azure jelly
 20439 | Slime:1  | Noticed an acid blob
 20591 | Slime:1  | Noticed an acid blob
 20632 | Slime:1  | Noticed a quicksilver ooze
 20641 | Slime:1  | Noticed a rockslime
 20831 | D:9      | XOM: give mutations
 20831 | D:9      | Gained mutation: You have large cloven feet. [Xom's
                  | mischief]
 20831 | D:9      | Gained mutation: You are dopey. (Int -2) [Xom's mischief]
 20831 | D:9      | Lost mutation: Armour fits poorly on your strangely shaped
                  | body. [Xom's mischief]
 20831 | D:9      | Gained mutation: You occasionally lose the ability to drink
                  | potions when taking damage. [Xom's mischief]
 20865 | D:10     | You showed the slimy rune of Zot to enter a treasure trove
 20866 | Trove    | Entered a treasure trove
 20869 | Trove    | Found the +6 arbalest "Damnation" {damnation}
 20870 | Trove    | Identified the +7 trident of Destiny {vorpal, Str+3}
 20874 | Trove    | Identified the +6 dagger "Faufihech" {freeze, rC+ rN+ SInv}
 20881 | Trove    | Identified the +5 bardiche "Beetle's Peril" {flame, rN+
                  | rCorr}
 20883 | Trove    | Identified the +8 eveningstar of Death {spect, Int+6}
 20885 | Trove    | Identified the +3 broad axe "Caghileps" {holy, *Noise rF+
                  | Dex+4}
 21027 | D:14     | Reached XP level 16. HP: 125/134 MP: 28/32
 21083 | D:14     | Reached skill level 5 in Dodging
 21188 | D:14     | XOM: give mutations
 21188 | D:14     | Gained mutation: You do not regenerate when monsters are
                  | visible. [Xom's mischief]
 21188 | D:14     | Lost mutation: You do not regenerate when monsters are
                  | visible. [Xom's mischief]
 21188 | D:14     | Lost mutation: You have an increased reservoir of magic.
                  | (+10% MP) [Xom's mischief]
 21506 | D:14     | XOM: summons 2 hostile demons
 21731 | D:14     | Reached skill level 10 in Spellcasting
 21743 | D:14     | Identified the +7 flail "Poepoc" {holy, rPois Str+8 Int+3}
 21748 | D:14     | Found a gate to the Vaults.
 22021 | D:15     | Entered Level 15 of the Dungeon
 22134 | D:15     | Lost mutation: You are dopey. (Int -2) [Jiyva's grace]
 22134 | D:15     | Lost mutation: You are vulnerable to heat. (rF-) [Jiyva's
                  | grace]
 22134 | D:15     | Lost mutation: You occasionally lose the ability to drink
                  | potions when taking damage. [Jiyva's grace]
 22134 | D:15     | Gained mutation: You are strong-willed. (Will+) [Jiyva's
                  | grace]
 22134 | D:15     | Gained mutation: You are highly strong-willed. (Will++)
                  | [Jiyva's grace]
 22134 | D:15     | Gained mutation: You are extremely strong-willed. (Will+++)
                  | [Jiyva's grace]
 22134 | D:15     | Gained mutation: You passively map a small area around you.
                  | [Jiyva's grace]
 22196 | D:15     | Found Wacayjon's Self-Improvement Boutique.
 22204 | D:15     | Bought a manual of Summonings for 1360 gold pieces
 22271 | D:15     | Found a staircase to the Depths.
 22295 | D:15     | XOM: 2-stop teleportation journey
 22295 | D:15     | Was forgiven by Xom
 22380 | D:15     | Reached XP level 17. HP: 143/143 MP: 23/31
 22993 | Orc:1    | Entered Level 1 of the Orcish Mines
 23060 | Orc:1    | Noticed Josephine
 23082 | Orc:1    | Killed Josephine
 23233 | Orc:1    | Lost mutation: Your skin blends seamlessly with your
                  | surroundings (Stealth++). [Jiyva's grace]
 23233 | Orc:1    | Gained mutation: You have hoof-like feet. [Jiyva's grace]
 23233 | Orc:1    | Gained mutation: You have hooves in place of feet. [Jiyva's
                  | grace]
 23233 | Orc:1    | Gained mutation: Your flesh is cold resistant. (rC+)
                  | [Jiyva's grace]
 23233 | Orc:1    | Gained mutation: Your flesh is very cold resistant. (rC++)
                  | [Jiyva's grace]
 23533 | Orc:2    | Entered Level 2 of the Orcish Mines
 23601 | Orc:2    | Found Miacsut's Distillery.
 23644 | Orc:2    | Reached skill level 10 in Summonings
 23675 | Orc:2    | Found Xinorhoj's General Store.
 23675 | Orc:2    | Found Sosedoin's Weapon Emporium.
 23678 | Orc:2    | Found Piwuettu's Antique Armour Emporium.
 23683 | Orc:2    | Found Wuzxyz's General Store.
 23706 | Orc:2    | Bought a creamy pearl robe for 91 gold pieces
 23706 | Orc:2    | Identified the +0 robe "Meah" {Dex+2} (You bought it in a
                  | shop on level 2 of the Orcish Mines)
 23709 | Orc:2    | Bought a scroll of enchant armour for 120 gold pieces
 23711 | Orc:2    | Bought a scroll of teleportation for 36 gold pieces
 23765 | Orc:2    | Found Vueloas's Antique Armour Emporium.
 23812 | Orc:2    | Found Bolest's Distillery.
 23911 | Orc:2    | Found Amoanlul's Weapon Boutique.
 23956 | Orc:2    | Found a staircase to the Elven Halls.
 24037 | Orc:2    | Found Kecajor's Armour Boutique.
 24180 | Orc:2    | Lost mutation: Your flesh is very cold resistant. (rC++)
                  | [Jiyva's grace]
 24180 | Orc:2    | Lost mutation: Your flesh is cold resistant. (rC+) [Jiyva's
                  | grace]
 24180 | Orc:2    | Lost mutation: You are extremely strong-willed. (Will+++)
                  | [Jiyva's grace]
 24180 | Orc:2    | Lost mutation: You passively map a small area around you.
                  | [Jiyva's grace]
 24180 | Orc:2    | Lost mutation: You are robust. (+10% HP) [Jiyva's grace]
 24180 | Orc:2    | Gained mutation: Your mind is acute. (Int +4, Str/Dex -1)
                  | [Jiyva's grace]
 24180 | Orc:2    | Gained mutation: Your mind is very acute. (Int +8, Str/Dex
                  | -2) [Jiyva's grace]
 24180 | Orc:2    | Gained mutation: You possess an exceptional clarity of
                  | mind. [Jiyva's grace]
 24180 | Orc:2    | Gained mutation: You are partially covered in iridescent
                  | scales. (AC +2) [Jiyva's grace]
 24203 | Orc:2    | Noticed Sonja
 24205 | Orc:2    | Killed Sonja
 24329 | Orc:2    | Upgraded the game from 0.30-a0-553-g7fabdf1491 to
                  | 0.30-a0-557-ge2afbf3030
 24640 | Spider:2 | Noticed Roxanne
 25027 | Spider:2 | Killed Roxanne
 25378 | Spider:3 | Identified the +1 scale mail of Coituqan {Will+ Int+5}
 25461 | Spider:3 | Learned a level 7 spell: Haunt
 25584 | Spider:3 | Lost mutation: You have hooves in place of feet. [Jiyva's
                  | grace]
 25584 | Spider:3 | Gained mutation: You are robust. (+10% HP) [Jiyva's grace]
 25584 | Spider:3 | Gained mutation: You are very robust. (+20% HP) [Jiyva's
                  | grace]
 25584 | Spider:3 | Gained mutation: You are extremely robust. (+30% HP)
                  | [Jiyva's grace]
 25584 | Spider:3 | Gained mutation: You have sharp fingernails. [Jiyva's
                  | grace]
 25594 | Spider:3 | Noticed Agnes
 25599 | Spider:3 | Noticed Nikola
 25610 | Spider:3 | Slimified Agnes
 25610 | Spider:3 | Agnes changed into Agnes the slime creature
 25610 | Spider:3 | Noticed Agnes
 25623 | Spider:3 | Killed Nikola
 25700 | Spider:4 | Entered Level 4 of the Spider Nest
 25717 | Spider:4 | Reached skill level 1 in Shields
 25741 | Spider:4 | Noticed Arachne
 25750 | Spider:4 | Killed Arachne
 25804 | Spider:4 | Identified the +0 tower shield of the Quick God {Str+4}
 25804 | Spider:4 | Noticed Louise
 25822 | Spider:4 | Killed Louise
 25823 | Spider:4 | Reached XP level 18. HP: 172/179 MP: 30/32
 26047 | Spider:4 | Noticed Asterion
 26053 | Spider:4 | Reached skill level 15 in Summonings
 26058 | Spider:4 | Slimified Asterion
 26058 | Spider:4 | Asterion changed into Asterion the acid blob
 26058 | Spider:4 | Noticed Asterion
 26315 | Spider:4 | Got a gossamer rune of Zot
 26734 | Orc:2    | Bought the +3 warlock's mirror {reflect} for 560 gold
                  | pieces
 26734 | Orc:2    | Found the +3 warlock's mirror {reflect}
 26751 | Elf:1    | Entered Level 1 of the Elven Halls
 26876 | Elf:1    | Reached skill level 5 in Shields
 26929 | Elf:1    | Found Esuwo's Distillery.
 27277 | Elf:1    | Got the Atlas of Summoned Battling
 27490 | Elf:1    | Lost mutation: You are highly strong-willed. (Will++)
                  | [Jiyva's grace]
 27490 | Elf:1    | Lost mutation: You are strong-willed. (Will+) [Jiyva's
                  | grace]
 27490 | Elf:1    | Lost mutation: You are extremely robust. (+30% HP) [Jiyva's
                  | grace]
 27490 | Elf:1    | Gained mutation: Your rubbery body absorbs attacks. (AC +1,
                  | EV +1) [Jiyva's grace]
 27490 | Elf:1    | Gained mutation: Your pliable body absorbs attacks. (AC +2,
                  | EV +2) [Jiyva's grace]
 27490 | Elf:1    | Gained mutation: Your gelatinous body deflects attacks. (AC
                  | +3, EV +3) [Jiyva's grace]
 27490 | Elf:1    | Gained mutation: You expend magic power (3 MP) to
                  | strengthen your wands. [Jiyva's grace]
 27641 | Elf:1    | Reached skill level 15 in Necromancy
 28062 | Elf:2    | Paralysed by an air elemental for 1 turns
 28244 | Elf:2    | Reached XP level 19. HP: 167/175 MP: 33/33
 28427 | Elf:2    | Found a runed translucent gate.
 28428 | Elf:2    | Found a runed translucent gate.
 28429 | Elf:2    | Found a runed translucent gate.
 28452 | Elf:2    | Noticed a deep elf blademaster
 28464 | Elf:2    | Killed a deep elf blademaster
 29018 | Shoals:1 | Entered Level 1 of the Shoals
 29646 | Shoals:2 | Noticed Polyphemus
 29663 | Shoals:2 | Noticed Ilsuiw
 29664 | Shoals:2 | Killed Polyphemus
 29697 | Shoals:2 | Killed Ilsuiw
 29718 | Shoals:2 | Lost mutation: You possess an exceptional clarity of mind.
                  | [Jiyva's grace]
 29718 | Shoals:2 | Lost mutation: Your gelatinous body deflects attacks. (AC
                  | +3, EV +3) [Jiyva's grace]
 29718 | Shoals:2 | Gained mutation: Your gelatinous body deflects attacks. (AC
                  | +3, EV +3) [Jiyva's grace]
 29718 | Shoals:2 | Gained mutation: Your melee attacks may engulf your foes in
                  | ooze. [Jiyva's grace]
 29718 | Shoals:2 | Gained mutation: Your flesh is heat resistant. (rF+)
                  | [Jiyva's grace]
 29718 | Shoals:2 | Gained mutation: Your flesh is very heat resistant. (rF++)
                  | [Jiyva's grace]
 29719 | Shoals:2 | Noticed Frances
 29733 | Shoals:2 | Killed Frances
 29749 | Shoals:2 | Found a flickering gateway to a bazaar.
 29779 | Bazaar   | Entered a bazaar
 29779 | Bazaar   | Found Ynaibb's Weapon Boutique.
 29779 | Bazaar   | Found Qeppore's General Store.
 29794 | Bazaar   | Bought a scroll of enchant weapon for 75 gold pieces
 29805 | Bazaar   | Found Agui's Book Boutique.
 29854 | Bazaar   | Found Oluafouf's Jewellery Shop.
 30464 | Shoals:3 | Reached XP level 20. HP: 168/182 MP: 21/35
 30471 | Shoals:3 | Noticed Bai Suzhen
 30473 | Shoals:3 | Noticed Aizul
 30475 | Shoals:3 | Noticed Mara
 30478 | Shoals:3 | Killed Bai Suzhen
 30480 | Shoals:3 | Killed Aizul
 30481 | Shoals:3 | Noticed Khashishi's illusion
 30510 | Shoals:3 | Noticed Khashishi's illusion
 30521 | Shoals:3 | Killed Mara
 30558 | Shoals:3 | Found a runed translucent door.
 30558 | Shoals:3 | Noticed Encipher's ghost (adept KoHu)
 30566 | Shoals:3 | Got the Omnibus of Electric Companions
 30585 | Shoals:3 | Killed Encipher's ghost
 30603 | Shoals:3 | Learned a level 7 spell: Monstrous Menagerie
 30677 | Shoals:3 | Noticed Mlioglotl
 30680 | Shoals:3 | Your ally Aizul died
 30686 | Shoals:3 | Killed Mlioglotl
 30905 | Shoals:3 | Found Onoudd's Weapon Boutique.
 30970 | Shoals:4 | Entered Level 4 of the Shoals
 31168 | Shoals:4 | Lost mutation: You have sharp fingernails. [Jiyva's grace]
 31168 | Shoals:4 | Lost mutation: You have hoof-like feet. [Jiyva's grace]
 31168 | Shoals:4 | Lost mutation: You have acidic saliva. [Jiyva's grace]
 31168 | Shoals:4 | Lost mutation: You expend magic power (3 MP) to strengthen
                  | your wands. [Jiyva's grace]
 31168 | Shoals:4 | Gained mutation: Your muscles are strong. (Str +4, Int/Dex
                  | -1) [Jiyva's grace]
 31168 | Shoals:4 | Gained mutation: Your muscles are very strong. (Str +8,
                  | Int/Dex -2) [Jiyva's grace]
 31168 | Shoals:4 | Gained mutation: You are covered in slimy tendrils that may
                  | disarm your opponents. [Jiyva's grace]
 31168 | Shoals:4 | Lost mutation: Your skin changes colour to match your
                  | surroundings (Stealth+). [Jiyva's grace]
 31168 | Shoals:4 | Gained mutation: Your translucent skin slightly reduces
                  | your foes' accuracy. (Stealth+) [Jiyva's grace]
 31255 | Shoals:4 | Identified the ring of the Princeling {Fire rPois Dex-2
                  | Stlth+}
 31258 | Shoals:4 | Got a barnacled rune of Zot
 31303 | Shoals:4 | Reached skill level 15 in Armour
 31310 | Shoals:4 | Identified the +4 flail of Generosity {heavy, Drain Str+5
                  | Int+3 Stlth+}
 31320 | Shoals:4 | Identified the +12 flail of Doom {flame, rElec rC- Int+3}
 31326 | Shoals:4 | Got the Dissertation on Peregrination
 31839 | Elf:3    | Entered Level 3 of the Elven Halls
 31839 | Elf:3    | Found Ytaih's Book Boutique.
 31846 | Elf:3    | Bought a book of Unlife for 468 gold pieces
 31853 | Elf:3    | Learned a level 6 spell: Death Channel
 32401 | Elf:3    | Reached skill level 15 in Maces & Flails
 32472 | Elf:3    | Reached XP level 21. HP: 191/192 MP: 23/36
 32494 | Elf:3    | Identified the +2 robe "Zafoxot" {Dex+2}
 32531 | Elf:3    | Identified the amulet of Equh {Faith Str+3}
 32621 | Elf:3    | Identified the +5 flail "Fufrigh" {antimagic, rCorr}
 32633 | Elf:3    | Found the +6 lightning scales {swift, rElec}
 32633 | Elf:3    | Found the amulet of Vitality {RegenMP++ Regen++}
 32654 | Elf:3    | Identified the +1 robe "Haem" {*Corrode rElec Slay+2}
 32664 | Elf:3    | Identified the +5 flail "Koryeh" {drain, rF- Int+6}
 32678 | Elf:3    | Identified the +10 longbow "Wasisufo" {heavy, rElec rF+
                  | Int-4 Dex+8}
 32905 | Orc:2    | Bought a +1 hat for 132 gold pieces
 33076 | Depths:1 | Entered Level 1 of the Depths
 33213 | Depths:1 | Found a one-way gateway to a ziggurat.
 33250 | Depths:1 | Found a gateway to Hell.
 33311 | Depths:1 | Reached skill level 5 in Translocations
 33311 | Depths:1 | Found Niezxug's Weapon Boutique.
 33328 | Depths:1 | Found Xiehoqyck's Distillery.
 33331 | Depths:1 | Found Togg's Antique Armour Boutique.
 33377 | Depths:1 | Found a shimmering altar of Xom.
 33377 | Depths:1 | Found a shimmering altar of Xom.
 33386 | Depths:1 | Found a shimmering altar of Xom.
 33386 | Depths:1 | Found a shimmering altar of Xom.
 33797 | Depths:2 | Lost mutation: Your mind is very acute. (Int +8, Str/Dex
                  | -2) [Jiyva's grace]
 33797 | Depths:2 | Lost mutation: Your muscles are very strong. (Str +8,
                  | Int/Dex -2) [Jiyva's grace]
 33797 | Depths:2 | Gained mutation: You are resistant to electric shocks.
                  | (rElec) [Jiyva's grace]
 33797 | Depths:2 | Gained mutation: You are extremely robust. (+30% HP)
                  | [Jiyva's grace]
 33797 | Depths:2 | Gained mutation: Your spells are a little harder to cast,
                  | but a little more powerful. [Jiyva's grace]
 33797 | Depths:2 | Gained mutation: Your spells are harder to cast, but more
                  | powerful. [Jiyva's grace]
 33831 | Depths:2 | Learned a level 4 spell: Anguish
 33857 | Depths:2 | Found a shimmering blue altar of Sif Muna.
 33979 | Depths:2 | Found a one-way gate leading to the halls of Pandemonium.
 34097 | Depths:2 | Reached XP level 22. HP: 195/219 MP: 29/38
 34152 | Depths:2 | Identified the +0 chain mail of Sif Muna's Inspiration {rC+
                  | Str-3 Int+5}
 34187 | Depths:2 | Noticed Grunn
 34196 | Depths:2 | Noticed a bone dragon
 34203 | Depths:2 | Killed Grunn
 34206 | Depths:2 | Noticed a bone dragon
 34207 | Depths:2 | Killed a bone dragon
 34211 | Depths:2 | Killed a bone dragon
 34323 | Depths:2 | Identified the ring "Umyiggar" {rElec AC+4}
 34330 | Depths:2 | Identified the ring of Tezimmuumi {Str+6 Int+6}
 34355 | Depths:2 | Identified the ring of Juary {rF- rC+ Str-2 Int+3 Dex+8}
 34399 | Depths:2 | Identified the ring "Hero's Friend" {Will+ Stlth+}
 34658 | Depths:3 | Noticed sirJeffrey23's ghost (adept HOFi)
 34659 | Depths:3 | Found a runed translucent door.
 34687 | Depths:3 | Killed sirJeffrey23's ghost
 34878 | Depths:3 | Found a transporter.
 34929 | Depths:3 | Found a transporter.
 35033 | Depths:3 | Found a one-way gate to the infinite horrors of the Abyss.
 35498 | Depths:3 | Noticed a juggernaut
 35501 | Depths:3 | Noticed a juggernaut
 35501 | Depths:3 | Noticed a juggernaut
 35549 | Depths:3 | Killed a juggernaut
 35551 | Depths:3 | Killed a juggernaut
 35554 | Depths:3 | Killed a juggernaut
 35555 | Depths:3 | Reached XP level 23. HP: 181/231 MP: 28/40
 35595 | Depths:3 | Identified the ring of Kafarr {rC+ Will- Str+6 Dex+6}
 35609 | Depths:3 | Identified the ring "Leulisem" {rN+ Dex+4}
 35782 | Depths:4 | Entered Level 4 of the Depths
 35874 | Depths:4 | Found a gate to the Realm of Zot.
 36099 | Depths:4 | Found a blossoming altar of Fedhas.
 36222 | Depths:4 | Found a hazy altar of Hepliaklqana.
 36447 | Vaults:1 | Entered Level 1 of the Vaults
 36557 | Vaults:1 | Lost mutation: You have a pair of small horns on your head.
                  | [Jiyva's grace]
 36557 | Vaults:1 | Lost mutation: Your mind is acute. (Int +4, Str/Dex -1)
                  | [Jiyva's grace]
 36557 | Vaults:1 | Lost mutation: You are extremely robust. (+30% HP) [Jiyva's
                  | grace]
 36557 | Vaults:1 | Lost mutation: You are very robust. (+20% HP) [Jiyva's
                  | grace]
 36557 | Vaults:1 | Lost mutation: Your muscles are strong. (Str +4, Int/Dex
                  | -1) [Jiyva's grace]
 36557 | Vaults:1 | Lost mutation: Your melee attacks may engulf your foes in
                  | ooze. [Jiyva's grace]
 36557 | Vaults:1 | Gained mutation: You passively map a small area around you.
                  | [Jiyva's grace]
 36557 | Vaults:1 | Gained mutation: You passively map the area around you.
                  | [Jiyva's grace]
 36557 | Vaults:1 | Gained mutation: You passively map a large area around you.
                  | [Jiyva's grace]
 36557 | Vaults:1 | Gained mutation: You have a pair of small horns on your
                  | head. [Jiyva's grace]
 36785 | Vaults:1 | Reached XP level 24. HP: 205/205 MP: 41/41
 37343 | Vaults:2 | Reached skill level 15 in Fighting
 37411 | Vaults:2 | Lost mutation: You have large cloven feet. [Jiyva's grace]
 37411 | Vaults:2 | Lost mutation: You have a pair of small horns on your head.
                  | [Jiyva's grace]
 37411 | Vaults:2 | Lost mutation: You are partially covered in iridescent
                  | scales. (AC +2) [Jiyva's grace]
 37411 | Vaults:2 | Lost mutation: You are robust. (+10% HP) [Jiyva's grace]
 37411 | Vaults:2 | Lost mutation: Your spells are harder to cast, but more
                  | powerful. [Jiyva's grace]
 37411 | Vaults:2 | Lost mutation: Your gelatinous body deflects attacks. (AC
                  | +3, EV +3) [Jiyva's grace]
 37411 | Vaults:2 | Lost mutation: Your translucent skin slightly reduces your
                  | foes' accuracy. (Stealth+) [Jiyva's grace]
 37411 | Vaults:2 | Gained mutation: Armour fits poorly on your pseudopods.
                  | [Jiyva's grace]
 37411 | Vaults:2 | Gained mutation: Armour fits poorly on your large
                  | pseudopods. [Jiyva's grace]
 37411 | Vaults:2 | Gained mutation: Armour fits poorly on your massive
                  | pseudopods. [Jiyva's grace]
 37411 | Vaults:2 | Gained mutation: Your gelatinous body deflects attacks. (AC
                  | +3, EV +3) [Jiyva's grace]
 37453 | Vaults:2 | Found a runed translucent door.
 37455 | Vaults:2 | Noticed cforsyth's ghost (adept DrTm)
 37473 | Vaults:2 | Reached skill level 10 in Shields
 37478 | Vaults:2 | Killed cforsyth's ghost
 37488 | Vaults:2 | Got the Parchment of the Quarry
 37553 | Vaults:2 | Noticed Jory
 37559 | Vaults:2 | Killed Jory
 37888 | Vaults:2 | Identified a ring "Fucruoq" {Fly rPois rF++ Str+3 Stlth+}
 38010 | Vaults:2 | Found a staircase to the Crypt.
 38465 | Vaults:3 | Lost mutation: You passively map a large area around you.
                  | [Jiyva's grace]
 38465 | Vaults:3 | Lost mutation: You passively map the area around you.
                  | [Jiyva's grace]
 38465 | Vaults:3 | Lost mutation: You are resistant to electric shocks.
                  | (rElec) [Jiyva's grace]
 38465 | Vaults:3 | Lost mutation: Armour fits poorly on your massive
                  | pseudopods. [Jiyva's grace]
 38465 | Vaults:3 | Gained mutation: You are strong-willed. (Will+) [Jiyva's
                  | grace]
 38465 | Vaults:3 | Gained mutation: You are highly strong-willed. (Will++)
                  | [Jiyva's grace]
 38465 | Vaults:3 | Gained mutation: You are extremely strong-willed. (Will+++)
                  | [Jiyva's grace]
 38465 | Vaults:3 | Gained mutation: You have sharp toenails. [Jiyva's grace]
 38549 | Vaults:3 | Found Vutegaeg's Book Emporium.
 39240 | Vaults:4 | Noticed Zenata
 39254 | Vaults:4 | Slimified Zenata
 39254 | Vaults:4 | Zenata changed into Zenata the slime creature
 39254 | Vaults:4 | Noticed Zenata
 39395 | Vaults:4 | Noticed Boris
 39398 | Vaults:4 | Noticed Margery
 39403 | Vaults:4 | Killed Boris
 39412 | Vaults:4 | Killed Margery
 39415 | Vaults:4 | Reached XP level 25. HP: 159/195 MP: 20/41
 39443 | Vaults:4 | Learned a level 8 spell: Infestation
 39654 | Vaults:4 | Lost mutation: Your gelatinous body deflects attacks. (AC
                  | +3, EV +3) [Jiyva's grace]
 39654 | Vaults:4 | Lost mutation: Your pliable body absorbs attacks. (AC +2,
                  | EV +2) [Jiyva's grace]
 39654 | Vaults:4 | Lost mutation: Armour fits poorly on your large pseudopods.
                  | [Jiyva's grace]
 39654 | Vaults:4 | Gained mutation: You have a small jelly attached to you
                  | that senses nearby items. [Jiyva's grace]
 39654 | Vaults:4 | Gained mutation: You have razor-sharp toenails. [Jiyva's
                  | grace]
 39654 | Vaults:4 | Gained mutation: You have claws for feet. [Jiyva's grace]
 39654 | Vaults:4 | Gained mutation: Your melee attacks may engulf your foes in
                  | ooze. [Jiyva's grace]
 39784 | Vaults:4 | Noticed Donald
 39796 | Vaults:4 | Killed Donald
 39883 | Vaults:4 | Reached skill level 15 in Spellcasting
 39891 | Vaults:4 | Killed Zenata the slime creature
 40102 | Vaults:5 | Entered Level 5 of the Vaults
 40180 | Vaults:5 | Identified the +10 scimitar of Peorok {freeze, *Rage rCorr
                  | Str+4 Dex+7}
 40203 | Vaults:5 | Reached XP level 26. HP: 86/206 MP: 42/42
 40403 | Vaults:5 | Identified the +9 sling of Xiulemah {drain, rN+ Will+
                  | Int-2}
 40428 | Vaults:5 | Got the Octavo of Enchantment
 40588 | Vaults:5 | Identified the +7 chain mail of Melancholy {Contam Str+2
                  | SInv}
 40737 | Vaults:5 | Identified the +9 flail of Cogeoc {flame, MP+9 Str+3}
 40747 | Vaults:5 | Found the +10 Black Knight's barding {ponderous, rPois rN+}
 40752 | Vaults:5 | Got a silver rune of Zot
 40930 | Vaults:5 | Identified the +7 battleaxe of Tortfeasance {pain, *Rage
                  | rElec Int+4 Stlth+}
 41038 | Crypt:1  | Entered Level 1 of the Crypt
 41513 | Crypt:1  | Gained mutation: You are robust. (+10% HP) [Jiyva's grace]
 41513 | Crypt:1  | Gained mutation: You are very robust. (+20% HP) [Jiyva's
                  | grace]
 41513 | Crypt:1  | Gained mutation: You are extremely robust. (+30% HP)
                  | [Jiyva's grace]
 41513 | Crypt:1  | Gained mutation: Your flesh is cold resistant. (rC+)
                  | [Jiyva's grace]
 41803 | Crypt:2  | Noticed Xtahua
 41936 | Crypt:2  | Killed Xtahua
 41966 | Crypt:2  | Found a basalt altar of Yredelemnul.
 42363 | Crypt:3  | Entered Level 3 of the Crypt
 42384 | Crypt:3  | Reached XP level 27. HP: 278/278 MP: 28/43
 42523 | Crypt:3  | Found a staircase to the Tomb.
 43006 | Crypt:3  | Got the Anthology of the Voltaic Union
 43136 | Crypt:3  | Found the +8 Vampire's Tooth {vamp}
 43148 | Crypt:3  | Identified the +10 mace "Neosilaf" {heavy, Int+3}
 43165 | Crypt:3  | Identified the ring of Henotheism {rN+ Str-2 Int+8}
 43165 | Crypt:3  | Identified the ring "Elesek" {rElec rN+ Str+3}
 43424 | Crypt:3  | Upgraded the game from 0.30-a0-557-ge2afbf3030 to
                  | 0.30-a0-568-g124715a40b
 43755 | Depths:3 | Voluntarily entered the Abyss.
 43765 | Abyss:2  | Lost mutation: You are extremely strong-willed. (Will+++)
                  | [Jiyva's grace]
 43765 | Abyss:2  | Lost mutation: You are covered in slimy tendrils that may
                  | disarm your opponents. [Jiyva's grace]
 43765 | Abyss:2  | Gained mutation: You possess an exceptional clarity of
                  | mind. [Jiyva's grace]
 43765 | Abyss:2  | Gained mutation: Your pliable body absorbs attacks. (AC +2,
                  | EV +2) [Jiyva's grace]
 43765 | Abyss:2  | Gained mutation: Your gelatinous body deflects attacks. (AC
                  | +3, EV +3) [Jiyva's grace]
 43765 | Abyss:2  | Gained mutation: Your mind is acute. (Int +4, Str/Dex -1)
                  | [Jiyva's grace]
 43964 | Abyss:4  | Gained mutation: You do not regenerate when monsters are
                  | visible. [a neqoxec]
 44041 | Abyss:4  | Found a transporter.
 44096 | Abyss:4  | Found a transporter.
 44097 | Abyss:4  | Got an abyssal rune of Zot
 44104 | Abyss:4  | Found a transporter.
 44149 | Abyss:4  | Found a transporter.
 44200 | Depths:3 | Escaped the Abyss
 44314 | Pan      | Entered Pandemonium
 44345 | Pan      | Found a transporter.
 44364 | Pan      | Found a transporter.
 44385 | Pan      | Found a transporter.
 44424 | Pan      | Found a transporter.
 44424 | Pan      | Found a transporter.
 44706 | Pan      | Lost mutation: Your spells are a little harder to cast, but
                  | a little more powerful. [Jiyva's grace]
 44706 | Pan      | Lost mutation: Your gelatinous body deflects attacks. (AC
                  | +3, EV +3) [Jiyva's grace]
 44706 | Pan      | Lost mutation: You do not regenerate when monsters are
                  | visible. [Jiyva's grace]
 44706 | Pan      | Gained mutation: Your natural rate of healing is unusually
                  | fast. [Jiyva's grace]
 44706 | Pan      | Gained mutation: You heal very quickly. [Jiyva's grace]
 44706 | Pan      | Gained mutation: You regenerate. [Jiyva's grace]
 44706 | Pan      | Gained mutation: You have an increased reservoir of magic.
                  | (+10% MP) [Jiyva's grace]
 44906 | Pan      | Noticed Fyipruel the pandemonium lord
 44927 | Pan      | Killed Fyipruel the pandemonium lord
 45046 | Pan      | Gained mutation: Your body sometimes deteriorates upon
                  | taking damage. [a neqoxec]
 45301 | Pan      | Noticed Cozasu the pandemonium lord
 45316 | Pan      | Killed Cozasu the pandemonium lord
 45339 | Pan      | Noticed Bato the pandemonium lord
 45401 | Pan      | Identified the +7 rapier of the Gloaming {antimagic, Will+}
 45456 | Pan      | Noticed Kehusaus the pandemonium lord
 45515 | Pan      | Killed Kehusaus the pandemonium lord
 45902 | Pan      | Lost mutation: You possess an exceptional clarity of mind.
                  | [Jiyva's grace]
 45902 | Pan      | Lost mutation: Your mind is acute. (Int +4, Str/Dex -1)
                  | [Jiyva's grace]
 45902 | Pan      | Lost mutation: Your flesh is cold resistant. (rC+) [Jiyva's
                  | grace]
 45902 | Pan      | Lost mutation: Your flesh is very heat resistant. (rF++)
                  | [Jiyva's grace]
 45902 | Pan      | Lost mutation: You are highly strong-willed. (Will++)
                  | [Jiyva's grace]
 45902 | Pan      | Lost mutation: You are strong-willed. (Will+) [Jiyva's
                  | grace]
 45902 | Pan      | Lost mutation: Your pliable body absorbs attacks. (AC +2,
                  | EV +2) [Jiyva's grace]
 45902 | Pan      | Lost mutation: Armour fits poorly on your pseudopods.
                  | [Jiyva's grace]
 45902 | Pan      | Gained mutation: You have a pair of small antennae on your
                  | head. [Jiyva's grace]
 45902 | Pan      | Gained mutation: You have a pair of antennae on your head.
                  | [Jiyva's grace]
 45902 | Pan      | Gained mutation: You have a pair of large antennae on your
                  | head. (SInv) [Jiyva's grace]
 45902 | Pan      | Gained mutation: You have very sharp teeth. [Jiyva's grace]
 46360 | Pan      | Noticed Lulor the pandemonium lord
 46410 | Pan      | Killed Lulor the pandemonium lord
 46534 | Pan      | Entered the realm of Gloorx Vloq.
 46709 | Pan      | Reached skill level 15 in Shields
 46775 | Pan      | Noticed Gloorx Vloq
 46799 | Pan      | Killed Gloorx Vloq
 46810 | Pan      | Lost mutation: You have a pair of large antennae on your
                  | head. (SInv) [Jiyva's grace]
 46810 | Pan      | Lost mutation: You have claws for feet. [Jiyva's grace]
 46810 | Pan      | Lost mutation: You have razor-sharp toenails. [Jiyva's
                  | grace]
 46810 | Pan      | Lost mutation: Your body sometimes deteriorates upon taking
                  | damage. [Jiyva's grace]
 46810 | Pan      | Lost mutation: You have an increased reservoir of magic.
                  | (+10% MP) [Jiyva's grace]
 46810 | Pan      | Lost mutation: You are extremely robust. (+30% HP) [Jiyva's
                  | grace]
 46810 | Pan      | Gained mutation: You have hidden genetic potential.
                  | [Jiyva's grace]
 46810 | Pan      | Gained mutation: You have great hidden genetic potential.
                  | [Jiyva's grace]
 46810 | Pan      | Lost mutation: You have great hidden genetic potential.
                  | [Jiyva's grace]
 46810 | Pan      | Lost mutation: You have hidden genetic potential. [Jiyva's
                  | grace]
 46810 | Pan      | Gained mutation: You are somewhat resistant to further
                  | mutation. [Jiyva's grace]
 46810 | Pan      | Gained mutation: You are somewhat resistant to both further
                  | mutation and mutation removal. [Jiyva's grace]
 46815 | Pan      | Got a dark rune of Zot
 47058 | Pan      | Identified the +1 robe "Xuiloi Zoqi" {Str+4}
 47172 | Pan      | Noticed Yschewol the pandemonium lord
 47247 | Pan      | Killed Yschewol the pandemonium lord
 47284 | Pan      | Noticed Woconia the pandemonium lord
 47307 | Pan      | Noticed Segeabee the pandemonium lord
 47342 | Pan      | Killed Segeabee the pandemonium lord
 47377 | Pan      | Identified the +3 leather armour "Duylih" {Regen+}
 47394 | Pan      | Identified the +7 chain mail of Lugonu's Condemnation
                  | {rPois rN+}
 47413 | Pan      | Entered the realm of Lom Lobon.
 47639 | Pan      | Found an exit through the horrors of the Abyss.
 47922 | Pan      | Noticed Lom Lobon
 47971 | Pan      | Killed Lom Lobon
 47994 | Pan      | Got a magical rune of Zot
 48104 | Pan      | Learned a level 9 spell: Dragon's Call
 48107 | Pan      | Took an exit into the Abyss.
 48107 | Abyss:4  | Escaped into the Abyss
 48138 | Abyss:4  | Lost mutation: You have a pair of antennae on your head.
                  | [Jiyva's grace]
 48138 | Abyss:4  | Lost mutation: You have very sharp teeth. [Jiyva's grace]
 48138 | Abyss:4  | Lost mutation: Your rubbery body absorbs attacks. (AC +1,
                  | EV +1) [Jiyva's grace]
 48138 | Abyss:4  | Gained mutation: Your body has grown eyes which may confuse
                  | attackers. (Acc +3) [Jiyva's grace]
 48138 | Abyss:4  | Gained mutation: Your body has grown many eyes which may
                  | confuse attackers. (Acc +5) [Jiyva's grace]
 48138 | Abyss:4  | Gained mutation: Your body is covered in eyes which may
                  | confuse attackers. (Acc +7, SInv) [Jiyva's grace]
 48138 | Abyss:4  | Gained mutation: Your spells are a little harder to cast,
                  | but a little more powerful. [Jiyva's grace]
 48155 | Depths:2 | Escaped the Abyss
 48266 | Hell     | Entered the Vestibule of Hell
 48266 | Hell     | Noticed Geryon
 48322 | Hell     | Killed Geryon
 48388 | Hell     | Found a gateway to the freezing wastes of Cocytus.
 48391 | Hell     | Noticed Murray
 48402 | Hell     | Killed Murray
 48538 | Hell     | Found a gateway to the decaying netherworld of Tartarus.
 48623 | Hell     | Found a gateway to the ashen valley of Gehenna.
 48668 | Hell     | Found a gateway to the Iron City of Dis.
 49020 | Zot:1    | Entered Level 1 of the Realm of Zot
 49387 | Zot:1    | Found a runed translucent gate.
 49387 | Zot:1    | Found a runed translucent gate.
 49387 | Zot:1    | Found a runed translucent gate.
 49392 | Zot:1    | Noticed Iich's ghost (veteran MiFi)
 49392 | Zot:1    | Noticed a dread lich
 49408 | Zot:1    | Killed Iich's ghost
 49424 | Zot:1    | Killed a dread lich
 49638 | Zot:1    | You are sucked into a shaft and drop 1 floor!
 49873 | Zot:1    | Lost mutation: You regenerate. [Jiyva's grace]
 49873 | Zot:1    | Lost mutation: You are very robust. (+20% HP) [Jiyva's
                  | grace]
 49873 | Zot:1    | Gained mutation: Your translucent skin slightly reduces
                  | your foes' accuracy. (Stealth+) [Jiyva's grace]
 49873 | Zot:1    | Gained mutation: Your translucent skin reduces your foes'
                  | accuracy. (Stealth+) [Jiyva's grace]
 49873 | Zot:1    | Gained mutation: Your transparent skin significantly
                  | reduces your foes' accuracy. (Stealth+) [Jiyva's grace]
 49873 | Zot:1    | Gained mutation: Your flesh is cold resistant. (rC+)
                  | [Jiyva's grace]
 50250 | Zot:2    | Identified the +1 pair of gloves of Juoli {Rampage rCorr}
 51725 | Zot:4    | Found the +4 dragonskin cloak
 51725 | Zot:4    | Noticed Tiamat
 51796 | Zot:4    | Killed Tiamat
 52263 | Zot:4    | Identified the +8 shortbow of the Postmodern Spirits
                  | {freeze, Dex+3}
 52520 | Zot:4    | Gained mutation: You are almost entirely resistant to
                  | further mutation and mutation removal. [Jiyva's grace]
 52520 | Zot:4    | Gained mutation: You have razor-sharp toenails. [Jiyva's
                  | grace]
 52520 | Zot:4    | Gained mutation: You have claws for feet. [Jiyva's grace]
 52520 | Zot:4    | Gained mutation: Your mind is acute. (Int +4, Str/Dex -1)
                  | [Jiyva's grace]
 53195 | Zot:5    | Entered Level 5 of the Realm of Zot
 53287 | Zot:5    | Noticed an orb of fire
 53288 | Zot:5    | Noticed a Killer Klown
 53297 | Zot:5    | Noticed an ancient lich
 53301 | Zot:5    | Noticed an orb of fire
 53304 | Zot:5    | Noticed a Killer Klown
 53305 | Zot:5    | Killed an orb of fire
 53306 | Zot:5    | Killed an ancient lich
 53312 | Zot:5    | Killed a Killer Klown
 53313 | Zot:5    | Paralysed by a Zot trap for 4 turns
 53314 | Zot:5    | Noticed an ancient lich
 53325 | Zot:5    | Killed an orb of fire
 53333 | Zot:5    | Killed an ancient lich
 53371 | Zot:5    | Killed a Killer Klown
 53411 | Zot:5    | Noticed a Killer Klown
 53411 | Zot:5    | Noticed an orb of fire
 53415 | Zot:5    | Noticed a Killer Klown
 53416 | Zot:5    | Noticed an orb of fire
 53419 | Zot:5    | Noticed a Killer Klown
 53437 | Zot:5    | Noticed a Killer Klown
 53443 | Zot:5    | Killed an orb of fire
 53446 | Zot:5    | Killed an orb of fire
 53455 | Zot:5    | Killed a Killer Klown
 53464 | Zot:5    | Killed a Killer Klown
 53480 | Zot:5    | Killed a Killer Klown
 53545 | Zot:5    | Killed a Killer Klown
 53978 | Zot:5    | Identified the +2 cloak of Sharp Mirth {rC+ Will+}
 53978 | Zot:5    | Identified the ring of Cenub {rF+ Will- EV+4 Dex+2}
 53984 | Zot:5    | Found a bloodstained altar of Trog.
 53985 | Zot:5    | Noticed Khashishi's ghost (legendary HuFi)
 53990 | Zot:5    | Found a transporter.
 54011 | Zot:5    | Identified the +0 cloak of Coseaf {rPois}
 54049 | Zot:5    | Found a transporter.
 54054 | Zot:5    | Killed Khashishi's ghost
 54432 | Pan      | Entered the realm of Mnoleg.
 54432 | Pan      | Entered Pandemonium
 54658 | Pan      | Lost mutation: You have a pair of small antennae on your
                  | head. [Jiyva's grace]
 54658 | Pan      | Lost mutation: You have claws for feet. [Jiyva's grace]
 54658 | Pan      | Lost mutation: You have razor-sharp toenails. [Jiyva's
                  | grace]
 54658 | Pan      | Lost mutation: Your mind is acute. (Int +4, Str/Dex -1)
                  | [Jiyva's grace]
 54658 | Pan      | Lost mutation: You are almost entirely resistant to further
                  | mutation and mutation removal. [Jiyva's grace]
 54658 | Pan      | Lost mutation: You passively map a small area around you.
                  | [Jiyva's grace]
 54658 | Pan      | Lost mutation: Your body is covered in eyes which may
                  | confuse attackers. (Acc +7, SInv) [Jiyva's grace]
 54658 | Pan      | Lost mutation: You have a small jelly attached to you that
                  | senses nearby items. [Jiyva's grace]
 54658 | Pan      | Gained mutation: You are partially covered in large bone
                  | plates. (SH +4) [Jiyva's grace]
 54658 | Pan      | Gained mutation: You are mostly covered in large bone
                  | plates. (SH +6) [Jiyva's grace]
 54658 | Pan      | Gained mutation: You are completely covered in large bone
                  | plates. (SH +8) [Jiyva's grace]
 54658 | Pan      | Gained mutation: You are covered in slimy tendrils that may
                  | disarm your opponents. [Jiyva's grace]
 54669 | Pan      | Noticed Mnoleg
 54698 | Pan      | Killed Mnoleg
 54793 | Pan      | Got a glowing rune of Zot
 54841 | Pan      | Identified the ring of Imnihuor {rPois rCorr Str+2 Stlth+}
 54931 | Depths:2 | Escaped Pandemonium
 54935 | Pan      | Entered the realm of Cerebov.
 54935 | Pan      | Entered Pandemonium
 55060 | Pan      | Found an exit through the horrors of the Abyss.
 55300 | Pan      | Found the +6 sword of Cerebov {flame}
 55300 | Pan      | Noticed Cerebov
 55366 | Pan      | Killed Cerebov
 55396 | Pan      | Got a fiery rune of Zot
 55466 | Pan      | Identified the +8 plate armour "Six Tazo" {rElec Dex+3}
 55486 | Pan      | Identified the ring of the Burgomaster {Dex+6 Stlth+}
 55501 | Pan      | Identified the ring of Recklessness {rN+ MP+9}
 55562 | Pan      | Identified the +10 short sword "Blob" {holy, rC+}
 55759 | Pan      | Noticed Dadylargh the pandemonium lord
 55768 | Pan      | Killed Dadylargh the pandemonium lord
 55853 | Pan      | Noticed Konivusk the pandemonium lord
 55875 | Pan      | Killed Konivusk the pandemonium lord
 55910 | Depths:2 | Escaped Pandemonium
 55917 | Pan      | Entered Pandemonium
 55969 | Pan      | Noticed Bilof the pandemonium lord
 55991 | Pan      | Killed Bilof the pandemonium lord
 56022 | Pan      | Lost mutation: You are completely covered in large bone
                  | plates. (SH +8) [Jiyva's grace]
 56022 | Pan      | Lost mutation: You are mostly covered in large bone plates.
                  | (SH +6) [Jiyva's grace]
 56022 | Pan      | Lost mutation: Your flesh is heat resistant. (rF+) [Jiyva's
                  | grace]
 56022 | Pan      | Lost mutation: You heal very quickly. [Jiyva's grace]
 56022 | Pan      | Lost mutation: Your spells are a little harder to cast, but
                  | a little more powerful. [Jiyva's grace]
 56022 | Pan      | Gained mutation: Your muscles are strong. (Str +4, Int/Dex
                  | -1) [Jiyva's grace]
 56022 | Pan      | Gained mutation: Your muscles are very strong. (Str +8,
                  | Int/Dex -2) [Jiyva's grace]
 56022 | Pan      | Gained mutation: You have a small jelly attached to you
                  | that senses nearby items. [Jiyva's grace]
 56022 | Pan      | Gained mutation: You possess an exceptional clarity of
                  | mind. [Jiyva's grace]
 56036 | Pan      | Noticed Woykh the pandemonium lord
 56059 | Pan      | Killed Woykh the pandemonium lord
 56293 | Pan      | Found a glowing silver altar of Zin.
 56613 | Pan      | Identified the +1 robe of Wisdom {rF+ rC+}
 56640 | Pan      | Noticed a seraph
 56765 | Pan      | Found a white marble altar of Elyvilon.
 57216 | Pan      | Identified the +4 shortbow of Destiny {flame, rPois rCorr
                  | Str+3}
 57255 | Pan      | Killed a seraph
 57319 | Pan      | Identified the ring "Erihoire" {Wiz rF+ rN+ Dex-2 Slay+3}
 57321 | Pan      | Found a glowing golden altar of the Shining One.
 57342 | Pan      | Got a demonic rune of Zot
 57350 | Pan      | Got the Compendium of the Wind and the Salvo
 57668 | Depths:2 | Escaped Pandemonium
 57992 | Coc:1    | Entered Level 1 of Cocytus
 58137 | Coc:2    | Noticed a shard shrike
 58142 | Coc:2    | Noticed a shard shrike
 58144 | Coc:2    | Killed a shard shrike
 58149 | Coc:2    | Killed a shard shrike
 58240 | Coc:4    | Noticed a shard shrike
 58240 | Coc:4    | Noticed a shard shrike
 58242 | Coc:4    | Noticed a shard shrike
 58244 | Coc:4    | Noticed a shard shrike
 58254 | Coc:4    | Killed a shard shrike
 58257 | Coc:4    | Killed a shard shrike
 58258 | Coc:4    | Killed a shard shrike
 58259 | Coc:4    | Killed a shard shrike
 58312 | Coc:4    | Noticed a shard shrike
 58312 | Coc:4    | Noticed a shard shrike
 58312 | Coc:4    | Noticed a shard shrike
 58323 | Coc:4    | Noticed a shard shrike
 58330 | Coc:4    | Killed a shard shrike
 58336 | Coc:4    | Killed a shard shrike
 58344 | Coc:4    | Killed a shard shrike
 58345 | Coc:4    | Killed a shard shrike
 58431 | Coc:5    | Paralysed by a wendigo for 1 turns
 58549 | Coc:6    | Noticed a shard shrike
 58550 | Coc:6    | Noticed a shard shrike
 58550 | Coc:6    | Noticed a shard shrike
 58551 | Coc:6    | Noticed a shard shrike
 58552 | Coc:6    | Noticed a shard shrike
 58553 | Coc:6    | Noticed a shard shrike
 58563 | Coc:6    | Killed a shard shrike
 58564 | Coc:6    | Killed a shard shrike
 58566 | Hell     | Killed a shard shrike
 58697 | Pan      | Entered Pandemonium
 58729 | Pan      | Learned a level 9 spell: Death's Door
 58750 | Pan      | Noticed Ignacio
 58776 | Pan      | Killed Ignacio
 58977 | Pan      | Found an exit through the horrors of the Abyss.
 58987 | Pan      | Upgraded the game from 0.30-a0-568-g124715a40b to
                  | 0.30-a0-571-gdf30a72648
 59061 | Pan      | Identified the +4 robe of Magic {rN+}
 59071 | Pan      | Identified the ring "Nuckenau" {rElec rPois rN+ Dex-3
                  | Slay+6}
 59105 | Pan      | Took an exit into the Abyss.
 59105 | Abyss:4  | Escaped into the Abyss
 59114 | Depths:2 | Escaped the Abyss
 59930 | Coc:4    | Lost mutation: Your flesh is cold resistant. (rC+) [Jiyva's
                  | grace]
 59930 | Coc:4    | Lost mutation: You are somewhat resistant to both further
                  | mutation and mutation removal. [Jiyva's grace]
 59930 | Coc:4    | Lost mutation: You are somewhat resistant to further
                  | mutation. [Jiyva's grace]
 59930 | Coc:4    | Lost mutation: Your muscles are very strong. (Str +8,
                  | Int/Dex -2) [Jiyva's grace]
 59930 | Coc:4    | Lost mutation: Your transparent skin significantly reduces
                  | your foes' accuracy. (Stealth+) [Jiyva's grace]
 59930 | Coc:4    | Gained mutation: You have supernaturally acute eyesight.
                  | (SInv) [Jiyva's grace]
 59930 | Coc:4    | Gained mutation: You expend magic power (3 MP) to
                  | strengthen your wands. [Jiyva's grace]
 59930 | Coc:4    | Gained mutation: You have a pair of small horns on your
                  | head. [Jiyva's grace]
 59930 | Coc:4    | Gained mutation: You have a pair of horns on your head.
                  | [Jiyva's grace]
 60240 | Coc:7    | Entered Level 7 of Cocytus
 60240 | Coc:7    | Noticed a shard shrike
 60253 | Coc:7    | Killed a shard shrike
 60255 | Coc:7    | Killed a shard shrike
 60304 | Coc:7    | Noticed a shard shrike
 60312 | Coc:7    | Killed a shard shrike
 60336 | Coc:7    | Noticed a shard shrike
 60356 | Coc:7    | Killed a shard shrike
 60361 | Coc:7    | Noticed a shard shrike
 60365 | Coc:7    | Killed a shard shrike
 60374 | Coc:7    | Paralysed by a wendigo for 1 turns
 60394 | Coc:7    | Noticed the Serpent of Hell
 60404 | Coc:7    | Noticed a shard shrike
 60424 | Coc:7    | Killed the Serpent of Hell
 60427 | Coc:7    | Noticed a shard shrike
 60431 | Coc:7    | Killed a shard shrike
 60434 | Coc:7    | Killed a shard shrike
 60472 | Coc:7    | Noticed a shard shrike
 60478 | Coc:7    | Killed a shard shrike
 60514 | Coc:7    | Noticed a shard shrike
 60520 | Coc:7    | Killed a shard shrike
 60521 | Coc:7    | Noticed a shard shrike
 60525 | Coc:7    | Killed a shard shrike
 60560 | Coc:7    | Noticed a shard shrike
 60561 | Coc:7    | Noticed a shard shrike
 60570 | Coc:7    | Killed a shard shrike
 60572 | Coc:7    | Killed a shard shrike
 60635 | Coc:7    | Noticed Antaeus
 60659 | Coc:7    | Killed Antaeus
 60786 | Coc:7    | Got an icy rune of Zot
 60789 | Coc:7    | Got A Thorough Guide to Wizardry
 60991 | Tar:1    | Entered Level 1 of Tartarus
 61023 | Tar:1    | Noticed an ancient lich
 61028 | Tar:1    | Killed an ancient lich
 61790 | Tar:5    | You fall into a shaft and drop 1 floor!
 61936 | Tar:6    | Lost mutation: You have a pair of horns on your head.
                  | [Jiyva's grace]
 61936 | Tar:6    | Lost mutation: You have sharp toenails. [Jiyva's grace]
 61936 | Tar:6    | Lost mutation: You have supernaturally acute eyesight.
                  | (SInv) [Jiyva's grace]
 61936 | Tar:6    | Lost mutation: Your body has grown many eyes which may
                  | confuse attackers. (Acc +5) [Jiyva's grace]
 61936 | Tar:6    | Gained mutation: You have large cloven feet. [Jiyva's
                  | grace]
 61936 | Tar:6    | Gained mutation: You have hoof-like feet. [Jiyva's grace]
 61936 | Tar:6    | Gained mutation: You have hooves in place of feet. [Jiyva's
                  | grace]
 61936 | Tar:6    | Gained mutation: Your rubbery body absorbs attacks. (AC +1,
                  | EV +1) [Jiyva's grace]
 61992 | Tar:7    | Entered Level 7 of Tartarus
 62439 | Tar:7    | Identified the +10 spear of the Apocalypse {vamp, rF+
                  | Int+5}
 62720 | Tar:7    | Found the ring of the Tortoise {AC+8}
 62723 | Tar:7    | Identified the ring of Fiviral {Fire rN+ Str+2}
 62732 | Tar:7    | Found the +8 orange crystal plate armour {Archmagi, Int+3
                  | Clar}
 62746 | Tar:7    | Identified the +6 chain mail of Sibrul {Int+4}
 62773 | Tar:7    | Identified the +8 shortbow "Zous" {freeze, Will+}
 62802 | Tar:7    | Got the Guide on Changing Hoarfrost
 63330 | Tar:7    | Identified the +8 falchion "Byczempa" {drain, +Blink Str+4}
 63645 | Tar:7    | Noticed Ereshkigal
 63704 | Tar:7    | Killed Ereshkigal
 63724 | Tar:7    | Got a bone rune of Zot
 64239 | Orc:2    | Bought a potion of haste for 150 gold pieces
 64239 | Orc:2    | Bought a potion of haste for 150 gold pieces
 64239 | Orc:2    | Bought a potion of magic for 120 gold pieces
 64239 | Orc:2    | Bought a potion of curing for 45 gold pieces
 64315 | Elf:1    | Bought a potion of haste for 140 gold pieces
 64315 | Elf:1    | Bought a potion of haste for 140 gold pieces
 64548 | Geh:1    | Entered Level 1 of Gehenna
 65051 | Geh:3    | Noticed a dread lich
 65058 | Geh:3    | Reached skill level 27 in Summonings
 65063 | Geh:3    | Killed a dread lich
 65130 | Geh:3    | Lost mutation: You have hooves in place of feet. [Jiyva's
                  | grace]
 65130 | Geh:3    | Lost mutation: Your body has grown eyes which may confuse
                  | attackers. (Acc +3) [Jiyva's grace]
 65130 | Geh:3    | Lost mutation: Your rubbery body absorbs attacks. (AC +1,
                  | EV +1) [Jiyva's grace]
 65130 | Geh:3    | Lost mutation: You have a small jelly attached to you that
                  | senses nearby items. [Jiyva's grace]
 65130 | Geh:3    | Gained mutation: You passively map a small area around you.
                  | [Jiyva's grace]
 65130 | Geh:3    | Gained mutation: You passively map the area around you.
                  | [Jiyva's grace]
 65130 | Geh:3    | Gained mutation: You passively map a large area around you.
                  | [Jiyva's grace]
 65130 | Geh:3    | Gained mutation: Your mind is acute. (Int +4, Str/Dex -1)
                  | [Jiyva's grace]
 65558 | Geh:5    | Reached skill level 27 in Necromancy
 65853 | Geh:7    | Entered Level 7 of Gehenna
 65872 | Geh:7    | Noticed an ancient lich
 65898 | Geh:7    | Killed an ancient lich
 66139 | Geh:7    | Identified the ring "Melirgh" {*Slow rC++ Will+ Str+6
                  | Int+5}
 66265 | Geh:7    | Found the +7 sceptre of Asmodeus
 66265 | Geh:7    | Noticed Asmodeus
 66290 | Geh:7    | Killed Asmodeus
 66296 | Geh:7    | Got an obsidian rune of Zot
 66479 | Hell     | Learned a level 8 spell: Borgnjor's Revivification
 66510 | Dis:1    | Entered Level 1 of the Iron City of Dis
 66529 | Dis:1    | Reached skill level 27 in Armour
 66546 | Dis:1    | Noticed a dread lich
 66557 | Dis:1    | Killed a dread lich
 67045 | Dis:4    | Lost mutation: You passively map a large area around you.
                  | [Jiyva's grace]
 67045 | Dis:4    | Lost mutation: You passively map the area around you.
                  | [Jiyva's grace]
 67045 | Dis:4    | Lost mutation: Your translucent skin reduces your foes'
                  | accuracy. (Stealth+) [Jiyva's grace]
 67045 | Dis:4    | Gained mutation: Your spells are a little harder to cast,
                  | but a little more powerful. [Jiyva's grace]
 67045 | Dis:4    | Gained mutation: Your spells are harder to cast, but more
                  | powerful. [Jiyva's grace]
 67045 | Dis:4    | Gained mutation: Your spells are much harder to cast, but
                  | much more powerful. [Jiyva's grace]
 67045 | Dis:4    | Gained mutation: Your mind is very acute. (Int +8, Str/Dex
                  | -2) [Jiyva's grace]
 67428 | Dis:7    | Entered Level 7 of the Iron City of Dis
 67537 | Dis:7    | Reached skill level 27 in Fighting
 67766 | Dis:7    | Noticed a juggernaut
 67777 | Dis:7    | Killed a juggernaut
 67820 | Dis:7    | Identified the +8 dire flail of Collusion {drain, +Blink
                  | rElec rC+ Will+}
 67861 | Dis:7    | Identified the +9 sling "Ragiasu" {speed, rCorr Str+8 Int-4
                  | Stlth+}
 67862 | Dis:7    | Identified the +2 chain mail of Xom's Regard {Regen+ SInv
                  | Stlth-}
 67863 | Dis:7    | Identified the +4 chain mail of the Mackerel {Fly rPois rF+
                  | Will-}
 68324 | Dis:7    | Reached skill level 27 in Spellcasting
 68334 | Dis:7    | Learned a level 5 spell: Summon Forest
 68590 | Dis:7    | Noticed a juggernaut
 68599 | Dis:7    | Killed a juggernaut
 68654 | Dis:7    | Found the +4 staff of Dispater
 68654 | Dis:7    | Noticed Dispater
 68686 | Dis:7    | Killed Dispater
 68703 | Dis:7    | Got the Excursus on Grounded Combustion
 68705 | Dis:7    | Got an iron rune of Zot
 68706 | Dis:7    | Identified the +10 mace "Ygoeluusch" {antimagic, *Slow
                  | Str+5}
 69143 | Orc:2    | Bought a potion of lignification for 45 gold pieces
 69143 | Orc:2    | Bought 2 potions of brilliance for 120 gold pieces
 69143 | Orc:2    | Bought a potion of lignification for 45 gold pieces
 69143 | Orc:2    | Bought a potion of ambrosia for 120 gold pieces
 69183 | Orc:2    | Bought a potion of lignification for 48 gold pieces
 69183 | Orc:2    | Bought a potion of heal wounds for 80 gold pieces
 69183 | Orc:2    | Bought a potion of invisibility for 128 gold pieces
 69516 | Tomb:1   | Entered Level 1 of the Tomb of the Ancients
 69524 | Tomb:1   | Lost mutation: You are partially covered in large bone
                  | plates. (SH +4) [Jiyva's grace]
 69524 | Tomb:1   | Lost mutation: You possess an exceptional clarity of mind.
                  | [Jiyva's grace]
 69524 | Tomb:1   | Lost mutation: Your natural rate of healing is unusually
                  | fast. [Jiyva's grace]
 69524 | Tomb:1   | Lost mutation: Your spells are much harder to cast, but
                  | much more powerful. [Jiyva's grace]
 69524 | Tomb:1   | Lost mutation: You are covered in slimy tendrils that may
                  | disarm your opponents. [Jiyva's grace]
 69524 | Tomb:1   | Gained mutation: You are agile. (Dex +4, Str/Int -1)
                  | [Jiyva's grace]
 69524 | Tomb:1   | Gained mutation: You are very agile. (Dex +8, Str/Int -2)
                  | [Jiyva's grace]
 69524 | Tomb:1   | Gained mutation: You have a small jelly attached to you
                  | that senses nearby items. [Jiyva's grace]
 69524 | Tomb:1   | Gained mutation: You have a somewhat thin skeletal
                  | structure. (Dex +2, Stealth+) [Jiyva's grace]
 69659 | Tomb:1   | Noticed a royal mummy
 69661 | Tomb:1   | Noticed a royal mummy
 69662 | Tomb:1   | Killed a royal mummy
 69665 | Tomb:1   | Killed a royal mummy
 69906 | Tomb:2   | Noticed a royal mummy
 69906 | Tomb:2   | Noticed a royal mummy
 69906 | Tomb:2   | Noticed a royal mummy
 69908 | Tomb:2   | Noticed a royal mummy
 69917 | Tomb:2   | Killed a royal mummy
 69931 | Tomb:2   | Killed a royal mummy
 69946 | Tomb:2   | Killed a royal mummy
 69951 | Tomb:2   | Killed a royal mummy
 70276 | Tomb:1   | Noticed a royal mummy
 70284 | Tomb:1   | Killed a royal mummy
 70285 | Tomb:1   | Reached skill level 10 in Dodging
 70315 | Tomb:1   | Noticed a royal mummy
 70315 | Tomb:1   | Noticed a royal mummy
 70325 | Tomb:1   | Killed a royal mummy
 70330 | Tomb:1   | Killed a royal mummy
 70340 | Tomb:1   | Noticed a royal mummy
 70350 | Tomb:1   | Killed a royal mummy
 70357 | Tomb:1   | Noticed a royal mummy
 70358 | Tomb:1   | Noticed a royal mummy
 70364 | Tomb:1   | Noticed a royal mummy
 70367 | Tomb:1   | Killed a royal mummy
 70369 | Tomb:1   | Noticed a royal mummy
 70376 | Tomb:1   | Killed a royal mummy
 70377 | Tomb:1   | Noticed a royal mummy
 70377 | Tomb:1   | Noticed a royal mummy
 70380 | Tomb:1   | Killed a royal mummy
 70381 | Tomb:1   | Killed a royal mummy
 70383 | Tomb:1   | Killed a royal mummy
 70385 | Tomb:1   | Noticed a royal mummy
 70387 | Tomb:1   | Killed a royal mummy
 70390 | Tomb:1   | Noticed a royal mummy
 70390 | Tomb:1   | Noticed a royal mummy
 70390 | Tomb:1   | Noticed a royal mummy
 70404 | Tomb:1   | Killed a royal mummy
 70413 | Tomb:1   | Killed a royal mummy
 70418 | Tomb:1   | Noticed a royal mummy
 70445 | Tomb:1   | Killed a royal mummy
 70474 | Tomb:1   | Killed a royal mummy
 70476 | Tomb:1   | Noticed a royal mummy
 70476 | Tomb:1   | Noticed a royal mummy
 70489 | Tomb:1   | Killed a royal mummy
 70494 | Tomb:1   | Killed a royal mummy
 70501 | Tomb:1   | Killed a royal mummy
 70536 | Tomb:1   | Noticed a royal mummy
 70544 | Tomb:1   | Killed a royal mummy
 70592 | Tomb:1   | Noticed a royal mummy
 70610 | Tomb:1   | Killed a royal mummy
 70631 | Tomb:1   | Noticed a royal mummy
 70635 | Tomb:1   | Noticed a royal mummy
 70639 | Tomb:1   | Killed a royal mummy
 70644 | Tomb:1   | Killed a royal mummy
 70672 | Tomb:1   | Noticed a royal mummy
 70693 | Tomb:1   | Killed a royal mummy
 70752 | Tomb:1   | Noticed a royal mummy
 70765 | Tomb:1   | Killed a royal mummy
 71059 | Tomb:3   | Entered Level 3 of the Tomb of the Ancients
 71083 | Tomb:3   | Noticed a royal mummy
 71092 | Tomb:3   | Noticed a royal mummy
 71101 | Tomb:3   | Identified the +9 mace "Fegaokho" {heavy, Str+7 Int-2}
 71101 | Tomb:3   | Noticed a royal mummy
 71102 | Tomb:3   | Noticed a royal mummy
 71104 | Tomb:3   | Noticed a royal mummy
 71107 | Tomb:3   | Noticed a royal mummy
 71109 | Tomb:3   | Noticed a royal mummy
 71114 | Tomb:3   | Noticed a royal mummy
 71124 | Tomb:3   | Killed a royal mummy
 71130 | Tomb:3   | Killed a royal mummy
 71133 | Tomb:3   | Killed a royal mummy
 71134 | Tomb:3   | Noticed a royal mummy
 71141 | Tomb:3   | Found the +3 pair of seven-league boots {Rampage+∞}
 71141 | Tomb:3   | Found the +3 Mad Mage's Maulers {Infuse+∞ VampMP -Cast}
 71150 | Tomb:3   | Killed a royal mummy
 71246 | Tomb:3   | Killed a royal mummy
 71248 | Tomb:3   | Killed a royal mummy
 71248 | Tomb:3   | Killed a royal mummy
 71248 | Tomb:3   | Killed a royal mummy
 71255 | Tomb:3   | Killed a royal mummy
 71285 | Tomb:3   | Identified the +0 trident of Equivalence {freeze, Str+9}
 71403 | Tomb:3   | Identified the +2 morningstar of Axzuira {flame, Str+5
                  | Int+3}
 71408 | Tomb:3   | Identified the ring of Kyfenoy {*Corrode rElec rC+ AC+4
                  | Int+4}
 71412 | Tomb:3   | Identified the +0 ring mail of the Jackalope {rF+}
 71414 | Tomb:3   | Identified the +3 mace of Judgement {drain, Str+8}
 71417 | Tomb:3   | Identified the ring "Jeliwkagh" {Str+6 Dex+6}
 71433 | Tomb:3   | Identified the +1 robe "Cyax" {Str+2 Dex+3}
 71463 | Tomb:3   | Got a golden rune of Zot
 71468 | Tomb:3   | Lost mutation: Your mind is very acute. (Int +8, Str/Dex
                  | -2) [Jiyva's grace]
 71468 | Tomb:3   | Gained mutation: You have a pair of horns on your head.
                  | [Jiyva's grace]
 71468 | Tomb:3   | Gained mutation: You have a pair of large horns on your
                  | head. [Jiyva's grace]
 71468 | Tomb:3   | Gained mutation: Your rubbery body absorbs attacks. (AC +1,
                  | EV +1) [Jiyva's grace]
 71468 | Tomb:3   | Gained mutation: Your pliable body absorbs attacks. (AC +2,
                  | EV +2) [Jiyva's grace]
 71559 | Tomb:1   | Noticed a royal mummy
 71569 | Tomb:1   | Killed a royal mummy
 72256 | Zot:5    | Got the Orb of Zot
 72713 | D:$      | Escaped with the Orb!

Illustrated notes

Levels and vault maps discovered:
D:1:      scummos_arrival_hexagon, layout_loops_corners, serial_aquarium,
          aquarium_bridge_island_small [aquarium_subvault_small_open,
          aquarium_subvault_bridge, aquarium_subvault_window,
          aquarium_subvault_bridge, aquarium_subvault_wall],
          aquarium_bridge_square [aquarium_subvault_balcony,
          aquarium_subvault_wall, aquarium_subvault_bridge,
          aquarium_subvault_bridge], aquarium_window_1, aquarium_window_fake,
          aquarium_window_corner, aquarium_window_fake, aquarium_view_2f,
          aquarium_view_2c, aquarium_pool_corner
D:2:      layout_basic, shapermc_ecumenical_altar_hornbeckon,
          minmay_misc_feat_room, st_stairs_8, chequers_jeans
D:3:      layout_rooms, elyvilon_altar_4, corexii_shack
D:4:      layout_loops_corners, portal_sewer_entry_a, uniq_pikel
D:5:      layout_loops_ring, gammafunk_temple_overflow_pools, serial_shops,
          nicolae_shop_hallway_stairs, nicolae_shop_firing_range, uniq_menkaure,
          uniq_prince_ribbit1
D:6:      layout_loops_corners, mumra_transporter_accident, uniq_grinder
D:7:      mumra_celtic_spiral_tile, layout_loops_ring,
          minmay_temple_entry_mini_moons, minmay_mini_ossuary
D:8:      cheibrodos_quashed, layout_rooms, nicolae_overflow_hidden_temple
D:9:      layout_rooms, erik_lair_orcish_takeover
D:10:     layout_layer_cave, enter_trove_0
D:11:     minmay_shrinking_squares, layout_basic
D:12:     layout_basic, zombieorc2_lemuel, ebering_ghost_xom, hex_tiny,
          uniq_nergalle
D:13:     wad_arrow_thing, layout_loops_ring
D:14:     minmay_connected_boxes_in_corner, layout_grid_maze,
          grunt_vaults_entry_tiered, chequers_serial_rivers_small_a,
          kennysheep_generic_room_10
D:15:     hangedman_depths_entry_civil_slaughter, layout_irregular_city,
          roderic_lattice_octagonal_star, nicolae_shop_self_help
Temple:   hc_temple_tempest_star
Lair:1:   layout_hall_layers, gammafunk_ghost_ooze, grunt_megastairs_4,
          infiniplex_staircase_pool_2
Lair:2:   layout_hall_layers, elwin_shoals_entry_rocks,
          hellmonk_spider_entry_life_and_decay
Lair:3:   layout_cave_pods, hangedman_lair_unloving_vines,
          cheibrodos_lair_reptile_den, lemuel_fruit_tree, serial_bayou_shore_b,
          serial_bayou_shore_a, grunt_megastairs_3
Lair:4:   layout_roguey, minmay_slime_entry_oklob_open,
          ebering_ghost_funeral_grove, grunt_forest_large_clearings, uniq_kirke,
          uniq_nessos
Lair:5:   minmay_lair_end_enchanted_forest, layout_gridlike,
          nicolae_volcano_entry_vermiform, serial_bayou_shore_b,
          grunt_megastairs_1
Shoals:1: layout_shoals, nicolae_shoals_cliffside_cave
Shoals:2: layout_shoals, serial_shops, bzr_in_the_mist, uniq_polyphemus,
          uniq_ilsuiw, uniq_frances
Shoals:3: layout_shoals, serial_shops, nicolae_shop_bloodbath_and_beyond,
          gammafunk_ghost_grave, nicolae_shoals_sun_and_surf, uniq_mara,
          uniq_bai_suzhen, uniq_mlioglotl, uniq_aizul
Shoals:4: shoals_end_hellmonk_lost_city
Spider:1: layout_spider_delve
Spider:2: layout_spider_delve, uniq_roxanne
Spider:3: layout_spider_delve, uniq_agnes, uniq_nikola
Spider:4: hellmonk_spider_rune_endless_swarm, uniq_louise, uniq_asterion,
          uniq_arachne
Slime:1:  layout_caves
Slime:2:  layout_caves, nicolae_slime_ancient_tower_intersection,
          cheibrodos_slime_lost_civilization_6
Slime:3:  layout_caves
Slime:4:  layout_caves
Slime:5
Orc:1:    layout_diamond_mine, uniq_josephine
Orc:2:    st_orc_mages, layout_caves, serial_shops, nicolae_shop_trees,
          nicolae_shop_crystal, nicolae_shop_temple_entry_statues_fountains,
          nicolae_lakefront_shop, nicolae_shop_advertising_works
          [nicolae_subvault_shop_adworks], uniq_sonja
Elf:1:    minmay_elf_arrival_plus, layout_loops_corners, serial_shops, shop,
          minmay_elf_sorcery
Elf:2:    elven_hall_of_blades_hangedman_original
          [nicolae_blade_entry_diamond_columns], layout_geoelf_octagon
Elf:3:    grunt_elf_hall_asides, layout_gridlike, serial_shops,
          nicolae_shop_hallway_stairs, serial_sigils_hangedman_shear,
          nicolae_elf_blasts_and_bolts
Vaults:1: v_pattern_2, nicolae_vaults_twisting_passages,
          hangedman_vaults_corner, vaults_mumra_hexcomb, vaults_mumra_hex,
          v_alt_pattern_6, ontoclasm_vaults_ring_square, special_room_vaults
          [special_room_orc], ontoclasm_vaults_decontamination,
          layout_vaults_big_room
Vaults:2: hellmonk_ghost_big_iron, v_rooms_1, minmay_crypt_entry_simple_sparse,
          ontoclasm_vaults_idyll, nicolae_vaults_asterisk,
          nicolae_vaults_border_crossing, v_misc_29, hangedman_vaults_maws,
          ontoclasm_vaults_pinch, vaults_room_corners, layout_vaults_quadrants,
          uniq_jory
Vaults:3: nicolae_vaults_hallways_thing, grunt_vaults_bifocal,
          dpeg_vaults_monster_box, ontoclasm_vaults_bender,
          hangedman_vaults_pinch, hangedman_vaults_cutoff,
          vaults_mumra_minichess, vaults_room_pools, v_misc_14,
          hangedman_vaults_slice, vaults_room_door_ring,
          layout_vaults_omnicross, serial_shops, nicolae_shop_statue_plus
Vaults:4: v_pattern_5, nicolae_vaults_back_hallway, grunt_vaults_hallway_long,
          v_misc_32, nicolae_vaults_circle_grid_a, layout_vaults_ring,
          uniq_boris, uniq_margery, uniq_donald, uniq_zenata
Vaults:5
Crypt:1:  layout_misc_corridors, skrybe_necro_troll_2,
          grunt_crypt_arrival_guarded_gate
Crypt:2:  layout_misc_corridors, basic_altar, uniq_xtahua
Crypt:3:  due_elkab, layout_chaotic_city, nicolae_tomb_entry_rubble_hallway
Tomb:1
Tomb:2
Tomb:3
Depths:1: layout_basic, enter_ziggurat_f, hangedman_geh_valley, xom_redecorated,
          minmay_shop_star
Depths:2: minmay_the_grid_triangle_9x9_rhombus_thin
          [minmay_the_grid_triangle_9x9_limited_checkers,
          minmay_the_grid_triangle_9x9_prize_special,
          minmay_the_grid_triangle_9x9_zippers_horizontal,
          minmay_the_grid_triangle_9x9_corrupted_corridor], layout_cave_pools,
          rand_demon_pan_entry_9, led_sif_pool, pf_hell_entry_tar_spiral,
          uniq_grunn
Depths:3: gammafunk_dig_for_victory, layout_gridlike, abyss_entry,
          grunt_hell_horde, roderic_serpentine_path,
          hellmonk_ghost_happy_afterlife, infiniplex_staircase_x
Depths:4: grunt_crosshair, layout_cave_shapes, hell_entry, fedhas_altar_4,
          eino_curves_01, nzn_hepliaklqana_mist_gate
Hell
Dis:1:    layout_gridville
Dis:2:    layout_overlapping_boxes, nicolae_dis_having_a_grate_time
Dis:3:    layout_gridville
Dis:4:    layout_jigsaw
Dis:5:    layout_regular_city, nicolae_hells_hurtin_island
Dis:6:    layout_subdivisions
Dis:7:    dis_st
Geh:1:    layout_gehenna_pools_triple
Geh:2:    layout_gehenna_lava_caves
Geh:3:    layout_gehenna_pools_box, nicolae_geh_lava_in_the_way
Geh:4:    layout_gehenna_lava_caves
Geh:5:    layout_gehenna_pools_box, hangedman_elemental_corridor
Geh:6:    layout_gehenna_pools_triple
Geh:7:    geh_old
Coc:1:    layout_cocytus_delve, serial_ice, serial_ice_c, serial_ice_g
Coc:2:    layout_cocytus_water_paths
Coc:3:    layout_cocytus_water_paths
Coc:4:    layout_ice_bergs
Coc:5:    layout_ice_bergs
Coc:6:    layout_cocytus_water_paths
Coc:7:    coc_grunt
Tar:1:    layout_grid_maze, nicolae_hells_seeping_fissure
Tar:2:    layout_grid_maze, nicolae_tar_cuneiform_heaven
Tar:3:    layout_grid_maze
Tar:4:    layout_honeycomb
Tar:5:    hangedman_tartarus_temple_path, layout_cathedral_of_symmetry
Tar:6:    layout_grid_maze
Tar:7:    tar_mu [tar_mu_maze]
Zot:1:    lemuel_draconian_sentries, layout_gridlike, gammafunk_ghost_necromancy
Zot:2:    layout_cathedral_of_symmetry
Zot:3:    layout_basic
Zot:4:    layout_cathedral_of_symmetry, st_grand_hoard_of_tiamat
Zot:5:    layout_twisted_circle, gammafunk_ghost_wrathful_warriors

Skill      XL: |  1  2  3  4  5  6  7  8  9 10 11 12 13 14 15 16 17 18 19 20 21 22 23 24 25 26 27 |
---------------+----------------------------------------------------------------------------------+-----
Spellcasting   | 3 4 5 6 7 8 9 10 11 12 13 14 15 16 27 | 27.0
Necromancy     | 5 6 8 9 10 11 12 13 14 15 16 17 18 19 20 27 | 27.0
Fighting       | 1 2 3 4 6 7 8 9 10 11 12 13 14 15 16 17 27 | 27.0
Maces & Flails | 1 2 3 5 7 8 9 10 11 12 13 14 15 16 19 | 19.4
Armour         | 1 2 3 5 7 8 9 10 11 12 13 14 15 16 17 18 19 27 | 27.0
Evocations     | 1 2 4 |  4.0
Dodging        | 4 6 13 | 13.2
Translocations | 3 5 |  5.0
Summonings     | 1 4 5 7 9 14 16 17 18 19 20 27 | 27.0
Stealth        | 3 4 |  4.0
Shields        | 2 6 8 9 10 12 13 19 | 19.1

Action                   |  1- 3 |  4- 6 |  7- 9 | 10-12 | 13-15 | 16-18 | 19-21 | 22-24 | 25-27 || total
-------------------------+-------+-------+-------+-------+-------+-------+-------+-------+-------++-------
Melee: Unarmed           |    13 |       |       |       |       |       |       |       |       ||    13
       Short sword       |    21 |     3 |       |       |       |       |       |       |       ||    24
       Whip              |       |    51 |   172 |   519 |  1088 |       |       |       |   182 ||  2012
       Punch             |       |       |     3 |     4 |    21 |    17 |       |       |       ||    45
       Kick              |       |       |       |   129 |   142 |    78 |       |       |   543 ||   892
       Headbutt          |       |       |       |    87 |   182 |   239 |   184 |   136 |   518 ||  1346
       Bite              |       |       |       |       |    50 |   137 |    61 |       |    47 ||   295
       Demon whip        |       |       |       |       |     2 |   981 |   260 |       |       ||  1243
       Eveningstar       |       |       |       |       |       |    38 |   292 |   591 |  3100 ||  4021
       Flail             |       |       |       |       |       |    16 |   107 |       |       ||   123
       Pseudopods        |       |       |       |       |       |       |       |    86 |   190 ||   276
Throw: Dart              |       |       |       |     2 |     5 |     6 |     4 |       |       ||    17
 Cast: Necrotise         |    72 |    60 |    63 |    42 |    19 |     6 |     1 |       |       ||   263
       Vampiric Draining |       |       |    11 |    38 |   105 |    83 |    33 |    35 |    17 ||   322
       Animate Dead      |       |       |     1 |     8 |    16 |    22 |    16 |    14 |    49 ||   126
       Dispel Undead     |       |       |       |       |     7 |    20 |     3 |    17 |    55 ||   102
       Summon Cactus Gia |       |       |       |       |       |    17 |    29 |    35 |   294 ||   375
       Haunt             |       |       |       |       |       |       |    32 |    77 |   575 ||   684
       Death Channel     |       |       |       |       |       |       |    11 |    24 |   157 ||   192
       Monstrous Menager |       |       |       |       |       |       |     4 |    21 |   189 ||   214
       Anguish           |       |       |       |       |       |       |     2 |    20 |    44 ||    66
       Infestation       |       |       |       |       |       |       |       |       |   807 ||   807
       Blink             |       |       |       |       |       |       |       |       |    12 ||    12
       Dragon's Call     |       |       |       |       |       |       |       |       |    43 ||    43
       Summon Forest     |       |       |       |       |       |       |       |       |     6 ||     6
       Death's Door      |       |       |       |       |       |       |       |       |     2 ||     2
Invok: Slimify           |       |       |       |       |       |     3 |       |     1 |       ||     4
       Oozemancy         |       |       |       |       |       |     2 |       |       |       ||     2
Evoke: Wand              |       |       |     3 |     9 |     7 |     5 |       |     7 |    15 ||    46
       Box of beasts     |       |       |       |       |       |       |       |     1 |     6 ||     7
       Lightning rod     |       |       |       |       |       |       |       |     1 |       ||     1
       Phantom mirror    |       |       |       |       |       |       |       |       |     7 ||     7
       Horn of Geryon    |       |       |       |       |       |       |       |       |     3 ||     3
       Phial of floods   |       |       |       |       |       |       |       |       |     2 ||     2
       Condenser vane    |       |       |       |       |       |       |       |       |     1 ||     1
  Use: Scroll            |     1 |    11 |    10 |    11 |    13 |     7 |     8 |     2 |    37 ||   100
       Potion            |       |     1 |     1 |    11 |     7 |     5 |    11 |     2 |    59 ||    97
 Stab: Sleeping          |       |     5 |     3 |       |     1 |     3 |     1 |     2 |     1 ||    16
       Paralysed         |       |       |     4 |       |     3 |       |       |       |     1 ||     8
       Confused          |       |       |       |     3 |       |       |       |       |    14 ||    17
       Invisible         |       |       |       |     5 |       |       |       |       |    12 ||    17
       Distracted        |       |       |       |     4 |    14 |    11 |    14 |    20 |   142 ||   205
       Petrified         |       |       |       |       |       |     2 |       |       |       ||     2
Armor: Robe              |    10 |       |       |       |       |       |       |       |       ||    10
       Leather armour    |     7 |     9 |    49 |       |       |       |       |       |       ||    65
       Skin              |       |     1 |     3 |   117 |       |       |       |       |    37 ||   158
       Pearl dragon scal |       |       |     1 |   216 |   644 |   708 |   383 |   309 |  1575 ||  3836
Dodge: Dodged            |    40 |    25 |    67 |   200 |   428 |   380 |   281 |   271 |  1047 ||  2739
Block: Buckler           |       |       |       |       |       |    73 |   418 |   226 |  1656 ||  2373
       Reflection        |       |       |       |       |       |    14 |    59 |    30 |   190 ||   293

Table legend: (Time is in decaauts)
 A = Elapsed time spent in this place.
 B = Non-inter-level travel time spent in this place.
 C = Inter-level travel time spent in this place.
 D = Time resting spent in this place.
 E = Time spent auto-exploring this place.
 F = Levels seen in this place.
 G = Mean time per level.
                   A        B        C        D        E       F      G
               +--------+--------+--------+--------+--------+-----+--------+
         Total |  70647 |  62366 |   8281 |    543 |  16973 | 121 |  583.9 |
       Dungeon |  14415 |  12312 |   2103 |    189 |   6177 |  15 |  961.0 |
        Temple |    231 |    216 |     15 |      0 |    174 |   1 |  231.0 |
          Lair |   5854 |   4964 |    890 |     32 |   2264 |   5 | 1170.8 |
        Shoals |   2555 |   2394 |    161 |      0 |    628 |   4 |  638.8 |
   Spider Nest |   3051 |   2710 |    341 |      2 |    450 |   4 |  762.8 |
    Slime Pits |   1493 |   1325 |    168 |      0 |   1179 |   5 |  298.6 |
  Orcish Mines |   1825 |   1274 |    551 |      0 |    824 |   2 |  912.5 |
   Elven Halls |   3071 |   2726 |    345 |     42 |    699 |   3 | 1023.7 |
        Vaults |   4776 |   4270 |    506 |      0 |    325 |   5 |  955.2 |
         Crypt |   2642 |   2279 |    363 |      0 |    350 |   3 |  880.7 |
          Tomb |   2309 |   2278 |     31 |    124 |      0 |   3 |  769.7 |
        Depths |   4669 |   2940 |   1729 |     43 |    374 |   4 | 1167.2 |
          Hell |    924 |    832 |     92 |      0 |    158 |   1 |  924.0 |
           Dis |   2198 |   2007 |    191 |      0 |      0 |   7 |  314.0 |
       Gehenna |   1809 |   1798 |     11 |     28 |    158 |   7 |  258.4 |
       Cocytus |   2414 |   2361 |     53 |     35 |    552 |   7 |  344.9 |
      Tartarus |   2959 |   2660 |    299 |      3 |     26 |   7 |  422.7 |
           Zot |   5389 |   4960 |    429 |      0 |   2457 |   5 | 1077.8 |
         Abyss |    480 |    480 |      0 |      0 |      0 |   6 |   80.0 |
   Pandemonium |   7066 |   7066 |      0 |     17 |     18 |  23 |  307.2 |
        Bazaar |     98 |     98 |      0 |      0 |     92 |   1 |   98.0 |
         Trove |     31 |     31 |      0 |      0 |      0 |   1 |   31.0 |
         Sewer |    222 |    222 |      0 |     27 |     65 |   1 |  222.0 |
       Volcano |    154 |    154 |      0 |      0 |      0 |   1 |  154.0 |
               +--------+--------+--------+--------+--------+-----+--------+

Top non-repeatable levels by time:
   Tar:7: 1979 daAuts
   Zot:4: 1591 daAuts
Depths:2: 1455 daAuts
    D:10: 1453 daAuts
Depths:3: 1416 daAuts
   Dis:7: 1329 daAuts
  Lair:1: 1291 daAuts
  Tomb:1: 1274 daAuts
Spider:1: 1273 daAuts
  Lair:2: 1252 daAuts
Vaults:2: 1244 daAuts
     D:1: 1227 daAuts
  Lair:5: 1213 daAuts
   Elf:1: 1212 daAuts
    D:11: 1200 daAuts
